 Dungeon Crawl Stone Soup version 0.31-a0-774-g0d66cbabe8 (webtiles) character file.

Game seed: 6791185314286957925

1526985 MackTheKnife the Sorcerer (level 24, 133/133 HPs)
             Began as a Spriggan Wanderer on Sept 16, 2023.
             Was an Initiate of Gozag.
             Escaped with the Orb
             ... and 3 runes on Sept 17, 2023!
             The game lasted 03:13:13 (75937 turns).

MackTheKnife the Sorcerer (Spriggan Wanderer)      Turns: 75937, Time: 03:13:13

Health: 133/133    AC:  8    Str:  6    XL:     24   Next: 27%
Magic:  52/52      EV: 45    Int: 31    God:    Gozag
Gold:   4372       SH: 15    Dex: 26    Spells: 7/71 levels left

rFire   + + +        a - +9 quick blade (elec) {shortrare=g}
rCold   + + +        C - +3 buckler
rNeg    + + +        O - +4 skin of Zhor {*Englaciate rC+++ SInv}
rPois   .            T - +2 hat {Will+}
rElec   +            W - scarf of Watchfulness {rC+ rF+, *Corrode Int+9}
rCorr   .            (gloves unavailable)
SInv    +            (boots unavailable)
Will    +++++        N - amulet of reflection
Stlth   +++          y - ring "Pyomeept" {Drain Fly rF+++ Int+6 Dex+3}
HPRegen 0.42/turn    U - ring of Rejyeh {rElec rF+ rN+++ Int-5 Dex+3}
MPRegen 0.33/turn

%: corrode self (3%), reflection
@: flying, studying 2 skills, very quick
A: very small, no large weapons, unfitting armour, see invisible, speed 3, cold
resistance 1, strong-willed 1
0: Orb of Zot
}: 3/15 runes: decaying, silver, gossamer
a: Renounce Religion, Potion Petition, Call Merchant, Bribe Branch


You escaped.
You worshipped Gozag.
Gozag was most pleased with you.
You visited 10 branches of the dungeon, and saw 48 of its levels.
You visited 1 bazaar.
You also visited: Ice Cave and Volcano.

You collected 26931 gold pieces.
You spent 8422 gold pieces at shops.
You paid 14137 gold pieces to Gozag.


Innate Abilities, Weirdness & Mutations

You are very small and have problems with some larger weapons.
You are too small for most types of armour.
You have supernaturally acute eyesight. (SInv)
You cover ground extremely quickly. (Speed+++)
Your flesh is cold resistant. (rC+)
You are strong-willed. (Will+)


   Skills:
 - Level 16.0 Fighting
 - Level 12.1 Short Blades
 + Level 23.8 Dodging
 - Level 20.0 Stealth
 - Level 6.0 Shields
 - Level 24.0 Spellcasting
 - Level 10.0 Conjurations
 - Level 16.3 Hexes
 - Level 13.1 Summonings
 - Level 15.4 Translocations
 - Level 5.0 Transmutations
 - Level 6.0 Ice Magic
 - Level 6.0 Air Magic
 - Level 13.0 Evocations


You had 7 spell levels left.
You knew the following spells:

 Your Spells              Type           Power      Damage    Failure   Level
a - Slow                  Hex            100%       N/A       0%          1
b - Jinxbite              Hex            100%       N/A       0%          2
c - Dispersal             Tloc           46%        N/A       1%          6
d - Summon Mana Viper     Hex/Summ       91%        N/A       1%          5
e - Confusing Touch       Hex            95%        N/A       0%          3
f - Yara's Violent Unrav  Hex/Tmut       40%        3d16      1%          5
g - Enfeeble              Hex            47%        N/A       1%          7
h - Malign Gateway        Summ/Tloc      45%        N/A       3%          7
i - Freezing Cloud        Conj/Ice/Air   35%        6-21      1%          5
j - Discord               Hex            47%        N/A       10%         8
k - Spellforged Servitor  Conj/Summ      41%        N/A       9%          7
l - Plasma Beam           Fire/Air       27%        2x1d39    47%         6
z - Ensorcelled Hibernat  Hex/Ice        100%       N/A       1%          2

Your spell library contained the following spells:

 Spells                   Type           Power      Damage    Failure   Level
 Apportation              Tloc           100%       N/A       0%          1
 Summon Small Mammal      Summ           100%       N/A       0%          1
 Blink                    Tloc           100%       N/A       0%          2
 Call Imp                 Summ           100%       N/A       0%          2
 Lesser Beckoning         Tloc           100%       N/A       0%          2
 Momentum Strike          Conj/Tloc      100%       3d10      0%          2
 Call Canine Familiar     Summ           87%        N/A       0%          3
 Dazzling Flash           Conj/Hex       100%       N/A       0%          3
 Gell's Gravitas          Tloc           93%        N/A       0%          3
 Sigil of Binding         Hex            95%        N/A       0%          3
 Summon Guardian Golem    Hex/Summ       91%        N/A       0%          3
 Teleport Other           Tloc           93%        N/A       0%          3
 Cause Fear               Hex            47%        N/A       0%          4
 Foxfire                  Conj/Fire      100%       2x1d9     1%          1
 Magic Dart               Conj           100%       1d8       1%          1
 Necrotise                Necr           100%       1d9       1%          1
 Sandblast                Erth           74%        2d16      1%          1
 Shock                    Conj/Air       100%       1d9       1%          1
 Sting                    Tmut/Pois      100%       1d8       1%          1
 Cigotuvi's Dreadful Rot  Necr/Pois/Air  98%        N/A       1%          2
 Passwall                 Tmut/Erth      42%        N/A       1%          2
 Poisonous Vapours        Pois/Air       100%       N/A       1%          2
 Searing Ray              Conj           100%       2d8       1%          2
 Sublimation of Blood     Necr           37%        N/A       1%          2
 Hailstorm                Conj/Ice       72%        3d15      1%          3
 Ignite Poison            Fire/Tmut/Pois 47%        N/A       1%          3
 Inner Flame              Hex/Fire       73%        N/A       1%          3
 Mephitic Cloud           Conj/Pois/Air  63%        N/A       1%          3
 Stone Arrow              Conj/Erth      100%       3d13      1%          3
 Swiftness                Air            65%        N/A       1%          3
 Airstrike                Air            32%        2d(5-21)  1%          4
 Anguish                  Hex/Necr       36%        N/A       1%          4
 Animate Armour           Summ/Erth      100%       N/A       1%          4
 Brom's Barrelling Bould  Conj/Erth      62%        2d8       1%          4
 Fulminant Prism          Conj/Hex       43%        3d19      1%          4
 Leda's Liquefaction      Hex/Erth       36%        N/A       1%          4
 Manifold Assault         Tloc           93%        N/A       1%          4
 Sticky Flame             Conj/Fire      62%        2d8       1%          4
 Summon Ice Beast         Ice/Summ       77%        N/A       1%          4
 Vhi's Electric Charge    Tloc/Air       100%       N/A       1%          4
 Arcjolt                  Conj/Air       36%        1d46      1%          5
 Irradiate                Conj/Tmut      35%        3d23      1%          5
 Iskenderun's Battlesphe  Conj           78%        2d13      1%          5
 Metabolic Englaciation   Hex/Ice        41%        N/A       1%          5
 Silence                  Hex/Air        41%        N/A       1%          5
 Vampiric Draining        Necr           37%        2d8       3%          3
 Petrify                  Tmut/Erth      51%        N/A       4%          4
 Fireball                 Conj/Fire      31%        3d13      4%          5
 Monstrous Menagerie      Summ           43%        N/A       4%          7
 Conjure Ball Lightning   Conj/Air       36%        3x3d12    7%          6
 Dispel Undead            Necr           37%        3d15      12%         4
 Alistair's Intoxication  Tmut/Pois      34%        N/A       12%         5
 Orb of Destruction       Conj           39%        9d11      17%         7
 Leda's Unmaking          Conj/Erth      31%        9d6       24%         6
 Starburst                Conj/Fire      31%        6d9       24%         6
 Agony                    Necr           37%        N/A       32%         5
 Lee's Rapid Deconstruct  Erth           18%        3d11*     32%         5
 Haunt                    Necr/Summ      33%        N/A       56%         7
 Ozocubu's Refrigeration  Ice            32%        4d14      65%         7
 Death Channel            Necr           18%        N/A       88%         6
 Disjunction              Tloc           46%        N/A       14%         8
 Summon Horrible Things   Summ           43%        N/A       34%         8
 Dragon's Call            Summ           43%        N/A       99%         9
 Ignition                 Fire           18%        3d7       100%        8
 Lehudib's Crystal Spear  Conj/Erth      31%        10d8      100%        8
 Maxwell's Capacitive Co  Air            32%        ∞         100%        8
 Polar Vortex             Ice            32%        12d4*     100%        9
 Simulacrum               Ice/Necr       Unusable   N/A       N/A         6

Inventory:

Hand Weapons
 a - a +9 quick blade of electrocution (weapon) {shortrare=g}
   (You acquired it on level 8 of the Dungeon)
Armour
 C - a +3 buckler (worn)
   (You found it on level 5 of the Dungeon)
 O - the +4 skin of Zhor (worn) {*Englaciate rC+++ SInv}
   (You bought it in a shop in a bazaar)

   *Englaciate: It radiates cold, occasionally slowing all nearby creatures who
   are not resistant to cold.
   rC+++:     It renders you almost immune to cold.
   SInv:      It lets you see invisible.
 T - a +2 hat of willpower (worn)
   (You bought it in a shop on level 2 of the Elven Halls)
 W - the scarf of Watchfulness (worn) {rC+ rF+, *Corrode Int+9}
   (You acquired it on level 2 of the Vaults)

   Int+9:     It affects your intelligence (+9).
   *Corrode:  It may corrode you when you take damage.
Jewellery
 d - the ring "Hero's Friend" {rF+ Str+3 SInv}
   (You acquired it on level 8 of the Dungeon)

   [ring of protection from fire]

   Str+3:     It affects your strength (+3).
   rF+:       It protects you from fire.
   SInv:      It lets you see invisible.
 h - the amulet of Mower {RegenMP Rampage Fragile Slay+3 SInv}
   (You took it off a boggart on level 2 of the Depths)

   [amulet of magic regeneration]

   RegenMP:   It increases your rate of magic regeneration.
   Slay+3:    It affects your accuracy & damage with ranged weapons and melee
   (+3).
   SInv:      It lets you see invisible.
   Fragile:   It will be destroyed if unequipped.
   Rampage:   It bestows one free step when moving towards enemies.
 y - the ring "Pyomeept" (left hand) {Drain Fly rF+++ Int+6 Dex+3}
   (You took it off an orc high priest on level 3 of the Elven Halls)

   [ring of intelligence]

   Int+6:     It affects your intelligence (+6).
   Dex+3:     It affects your dexterity (+3).
   rF+++:     It renders you almost immune to fire.
   Fly:       It grants you flight.
   Drain:     It drains your maximum health when unequipped.
 N - an amulet of reflection (around neck)
   (You bought it in a shop on level 2 of the Orcish Mines)
 S - a ring of poison resistance
   (You found it on level 4 of the Swamp)
 U - the ring of Rejyeh (right hand) {rElec rF+ rN+++ Int-5 Dex+3}
   (You took it off a deep elf zephyrmancer on level 3 of the Elven Halls)

   [ring of protection from fire]

   Int-5:     It affects your intelligence (-5).
   Dex+3:     It affects your dexterity (+3).
   rF+:       It protects you from fire.
   rElec:     It insulates you from electricity.
   rN+++:     It renders you almost immune to negative energy.
Wands
 k - a wand of flame (32)
   (You found it on level 3 of the Lair of Beasts)
 t - a wand of roots (24)
   (You found it on level 10 of the Dungeon)
 v - a wand of charming (28)
   (You found it on level 3 of the Dungeon)
 H - a wand of polymorph (24)
   (You found it on level 10 of the Dungeon)
 K - a wand of mindburst (22)
   (You found it on level 4 of the Vaults)
 L - a wand of light (7)
   (You took it off Maurice on level 11 of the Dungeon)
 Q - a wand of digging (8)
   (You found it on level 1 of the Spider Nest)
Scrolls
 b - a scroll of silence {!r}
 e - a scroll of blinking {!r}
 i - 15 scrolls of identify {@r1}
 j - 4 scrolls of enchant armour
 l - 6 scrolls of vulnerability {!r!r}
 n - 8 scrolls of fear
 r - 2 scrolls of revelation
 w - 7 scrolls of amnesia
 E - 12 scrolls of teleportation {@r4}
 F - 5 scrolls of fog
 J - 4 scrolls of poison {!r}
 P - 2 scrolls of enchant weapon
 X - a scroll of torment {!r}
Potions
 f - 6 potions of berserk rage {!q}
 g - 9 potions of curing {@q1}
 m - 8 potions of brilliance
 o - 3 potions of haste {@q3}
 p - a potion of invisibility
 u - 5 potions of cancellation
 x - 6 potions of mutation {!q}
 z - 4 potions of resistance
 A - 3 potions of enlightenment
 B - 10 potions of heal wounds {@q2}
 D - 5 potions of ambrosia
 G - 9 potions of might
 I - 2 potions of lignification {!q}
 R - 3 potions of magic
Miscellaneous
 c - a phial of floods
   (You found it on level 5 of the Vaults)
 q - a condenser vane
   (You found it on level 5 of the Vaults)
 s - a box of beasts (inert)
   (You found it on level 3 of the Vaults)
 M - a lightning rod (4/4)
   (You found it on level 5 of the Vaults)
 V - a phantom mirror
   (You found it on level 1 of the Vaults)

Dungeon Overview and Level Annotations

Branches:
Dungeon (15/15)            Temple (1/1) D:4            Lair (5/5) D:9
  Swamp (4/4) Lair:2       Spider (4/4) Lair:2        Slime (0/5) Lair:4
    Orc (2/2) D:11            Elf (3/3) Orc:2        Vaults (5/5) D:14
  Crypt (0/3) Vaults:3     Depths (4/4) D:15            Zot (5/5) Depths:4
  IceCv (visited)         Volcano (visited)

Altars:
Ashenzari
Cheibriados
Dithmenos
Elyvilon
Fedhas
Gozag
Hepliaklqana
Kikubaaqudgha
Makhleb
Nemelex Xobeh
Okawaru
Qazlal
Ru
Sif Muna
Trog
Uskayaw
Vehumet
Wu Jian
Xom
Yredelemnul
The Shining One

Shops:
D:7 (   D:9 ?   D:11 [(   D:12 *   Orc:1 !   Orc:2 (?:*=   Elf:2 !**=
Elf:3 (*!   Lair:2 *   Lair:3 :   Lair:4 ?   Vaults:1 ?   Vaults:2 =
Vaults:4 *[

Portals:
Hell: Depths:1 Depths:2 Depths:3 Depths:4
Abyss: Depths:3 Depths:4
Pandemonium: Orc:2 Depths:2 Depths:4
Ziggurat: Depths:1
Trove: D:10 (give 18 potions of curing)

Annotations:
D:2 Robin
D:8 exclusions: gargoyle, 2 howler monkeys and 2 two-headed ogres
D:10 exclusion: door, Harold
D:12 2 transporters, corvin's ghost, journeyman DgWn
D:14 exclusion: ice statue
Lair:3 3 runed translucent doors, bmj180's ghost, journeyman HuCj
Lair:5 3 runed translucent doors, exclusion: obsidian statue, Vorhees's ghost, journeyman DjCj
Orc:1 1 runed translucent door, exclusion: oklob plant, Arhieg's ghost, journeyman DsBe; Jorgrun
Orc:2 exclusion: upstairs
Elf:1 1 runed translucent door, Yfesuf's ghost, adept CeHu
Elf:2 3 runed translucent doors
Vaults:3 36 runed doors, exclusion: 10 doors
Zot:2 Parghit
Zot:5 exclusion: 3 upstairs

#.# #.# ###..# ###.......#
#.###[###...#############.#######
#...#.#................##.#
#.#.#.#.#.############.##.#
#)#.......# #.##.# #.......#.#
#.##.# #.........# #.##.#######
#.#####...######### #.##........
#.##......#..##.@.# #.##########
..##.##...#..##...####.#
..##.#....#..####'#.##.#
..##.#....#..####......#
..##.#.#..#'##.....#...# ##
#.........#.......###.## #.
#.#....#......#'#####.####### #)
#.#....#....#'#....#........# #.
#.#..#....###.'..^.####.....# #.


There were no monsters in sight!


Message History

Okay, then.
Casting: Enfeeble (dangerous; 1% risk of failure)
Confirm with . or Enter, or press ? or * to list all spells.
Casting: Dispersal (mildly dangerous; 1% risk of failure)
Press: ? - help, Dir - look around, f - activate
Okay, then.
Casting: Dispersal (mildly dangerous; 1% risk of failure)
Confirm with . or Enter, or press ? or * to list all spells.
Aiming: Enfeeble (dangerous; 1% risk of failure)
Press: ? - help, Shift-Dir - straight line, f - tormentor
Aim: a tormentor (will inflict weakness and antimagic, chance to daze and blind: 93%)
The tormentor is enfeebled!
You radiate an aura of cold.
The Orb Guardian seems to slow down.
The tormentor seems to slow down. 😎 MP[-7]
You lost 7 mp, and now have 45/52 mp.
Unknown command.
You hit the Orb Guardian but do no damage.
You closely miss the Orb Guardian. You block the Orb Guardian's attack.
You hit the tormentor but do no damage.
You strike the helpless tormentor from behind!
You spit the tormentor like a pig!!!
You kill the tormentor! 😎 MP[+1]
The Orb Guardian is no longer moving slowly.
You block the Orb Guardian's attack. The Orb Guardian hits you!! 😕 HP[-33]
You take 33 damage, and now have 100/133 hp.
MASSIVE DAMAGE!! (PAUSE) 😕 HP[+1] 😕 MP[+1] 😕 HP[+1]
You radiate an aura of cold.
The Orb Guardian seems to slow down. 😕 MP[+1] 😕 HP[+1]
There is a stone staircase leading up here. 😕 MP[+1]
You fly upwards.
There is a stone staircase leading down here. 😕 HP[+1]
What level of the Dungeon? (default 1, ? - help)
You see here 5 stones {throwing}.
There is a stone staircase leading up here.
You fly upwards.
Level annotation: 2 transporters, corvin's ghost, journeyman DgWn
There is a stone staircase leading down here.
There is an open door here.
There is a stone staircase leading up here.
You fly upwards.
There is a stone staircase leading down here.
There is a stone staircase leading up here.
You fly upwards.
Level annotation: exclusion: door, Harold
There is a stone staircase leading down here.
There is an open door here.
There is an open door here.
There is a stone staircase leading up here.
You fly upwards.
There is a stone staircase leading down here.
There is a stone staircase leading up here.
Things that are here:
a +0 robe; a +0 hand axe {axe} You fly upwards.
Level annotation: exclusions: gargoyle, 2 howler monkeys and 2 two-headed ogres
There is a stone staircase leading down here.
There is a stone staircase leading up here.
You fly upwards.
There is a stone staircase leading down here.
There is a stone staircase leading up here.
You fly upwards.
There is a stone staircase leading down here.
A Tzitzimitl comes into view. 😎 HP[+29] MP[+3]
Your hp is fully restored (133).
Your mp is fully restored (52).
Unknown command.
There is a stone staircase leading up here.
You fly upwards.
There is a stone staircase leading down here.
What level of the Dungeon? (default 1, ? - help)
There is a stone staircase leading up, spattered with blood here.
You fly upwards.
There is a stone staircase leading down here.
There is a stone staircase leading up here.
You fly upwards.
There is a stone staircase leading down here.
An Orb Guardian comes into view.
Items here: ))) [.
There is a stone staircase leading up here.
You fly upwards.
Level annotation: Robin
There is a stone staircase leading down here.
What level of the Dungeon? (default 1, ? - help)
You see here a +0 mace {mace}.
There is a stone staircase leading up here.
You fly upwards.
There is a stone staircase leading down here.
You see here a +0 dagger {short}.
There is an open door here.
There is a staircase leading out of the dungeon here.
You have escaped!

Skill      XL: |  1  2  3  4  5  6  7  8  9 10 11 12 13 14 15 16 17 18 19 20 21 22 23 24 |
---------------+-------------------------------------------------------------------------+-----
Stealth        | 5 6 7 8 11 12 15 16 19 20 | 20.0
Hexes          | 3 4 6 8 10 12 15 16 | 16.3
Ice Magic      | 1 2 3 6 |  6.0
Spellcasting   | 3 6 8 10 12 14 16 17 19 23 24 | 24.0
Short Blades   | 1 4 7 8 10 12 | 12.1
Dodging        | 6 10 12 13 15 18 20 22 23 | 23.8
Fighting       | 3 4 7 8 10 12 13 14 15 16 | 16.0
Shields        | 4 6 |  6.0
Evocations     | 6 10 13 | 13.0
Summonings     | 4 8 11 13 | 13.1
Transmutations | 5 |  5.0
Air Magic      | 3 6 |  6.0
Conjurations   | 2 5 8 10 | 10.0
Translocations | 10 15 | 15.4

Action                     |  1- 3 |  4- 6 |  7- 9 | 10-12 | 13-15 | 16-18 | 19-21 | 22-24 || total
---------------------------+-------+-------+-------+-------+-------+-------+-------+-------++-------
  Melee: Dagger            |   156 |   114 |   109 |       |       |       |       |       ||   379
         Punch             |     4 |       |     5 |       |       |       |       |       ||     9
         Whip              |       |    15 |    16 |       |       |       |       |       ||    31
         Quick blade       |       |       |   145 |   442 |  1713 |  1535 |  1029 |   774 ||  5638
         Headbutt          |       |       |       |       |       |     4 |   342 |       ||   346
  Throw: Dart              |     4 |     2 |       |       |       |       |       |       ||     6
   Cast: Ensorcelled Hiber |     6 |    21 |    32 |   208 |   108 |    59 |     2 |       ||   436
         Jinxbite          |       |       |    10 |     1 |       |       |       |       ||    11
         Dazzling Flash    |       |       |     4 |     6 |     8 |       |       |       ||    18
         Slow              |       |       |       |     1 |       |       |       |       ||     1
         Summon Mana Viper |       |       |       |       |    85 |    82 |    12 |     5 ||   184
         Confusing Touch   |       |       |       |       |    58 |    35 |       |       ||    93
         Enfeeble          |       |       |       |       |       |   112 |   186 |   143 ||   441
         Freezing Cloud    |       |       |       |       |       |    49 |    51 |    13 ||   113
         Malign Gateway    |       |       |       |       |       |       |    78 |    32 ||   110
         Dispersal         |       |       |       |       |       |       |     1 |    11 ||    12
         Discord           |       |       |       |       |       |       |       |    17 ||    17
         Spellforged Servi |       |       |       |       |       |       |       |    18 ||    18
 Invoke: Call Merchant     |       |       |       |     1 |     3 |     2 |     1 |     1 ||     8
         Potion Petition   |       |       |       |       |       |     1 |       |     2 ||     3
         Bribe Branch      |       |       |       |       |       |       |       |     1 ||     1
  Evoke: Wand              |       |       |     1 |     5 |    16 |    30 |     7 |    13 ||    72
         Box of beasts     |       |       |       |       |       |       |     1 |     2 ||     3
         Phantom mirror    |       |       |       |       |       |       |       |     2 ||     2
    Use: Potion            |       |       |     2 |       |     5 |    11 |     5 |     8 ||    31
         Scroll            |       |       |    13 |     8 |    18 |    17 |     6 |    12 ||    74
   Stab: Sleeping          |    13 |    19 |    36 |   116 |    82 |    95 |    48 |    14 ||   423
         Invisible         |       |       |     4 |     7 |     9 |   110 |   150 |   130 ||   410
         Distracted        |       |       |     2 |     1 |    26 |     4 |     6 |    11 ||    50
         Confused          |       |       |       |       |    72 |    35 |       |     1 ||   108
 Armour: Robe              |    40 |    37 |    48 |    73 |   236 |   120 |       |       ||   554
         Animal skin       |       |       |       |       |       |    25 |   137 |   102 ||   264
  Dodge: Dodged            |   101 |   110 |   139 |   286 |   674 |   636 |   281 |   280 ||  2507
  Block: Buckler           |       |       |       |    64 |   265 |   458 |   236 |   190 ||  1213
         Reflection        |       |       |       |       |       |    27 |    31 |    14 ||    72

Levels and vault maps discovered:
D:1:      dpeg_arrival_short_road, layout_basic, minmay_tiny_reverse_x
D:2:      layout_loops_ring, uniq_crazy_yiuf_cottage, uniq_robin
D:3:      layout_basic
D:4:      layout_loops_cross, nicolae_overflow_crystal_walls,
          nicolae_dithmenos_shadow_blocks, minmay_temple_entry_enclosed_plants,
          uniq_blork_the_orc, uniq_menkaure
D:5:      layout_cave_pools, minmay_misc_feat_square,
          nicolae_concentric_dashed_squares_wild, uniq_sigmund, uniq_grinder
D:6:      layout_loops_ring, nicolae_overflow_hidden_temple, lemuel_tele_altar,
          nicolae_sif_muna_little_library, mainiacjoe_overflow_paths,
          grunt_decor_fettered, serial_bayou_pond_c
D:7:      layout_cave_pods, kennysheep_nondescript, minmay_door_square,
          nicolae_shop_firing_range
D:8:      layout_basic, lemuel_doored_altar, mainiacjoe_overflow_catwalk,
          elyvilon_altar_1, gammafunk_temple_overflow_elements,
          dilly_guarded_unrand_devastator, uniq_pikel
D:9:      layout_loops_cross, david_lair_generic, uniq_maggie
D:10:     layout_loops_corners, nicolae_trove_entry_path_of_doom, uniq_harold,
          uniq_amaemon
D:11:     layout_irregular_city, orc_david_3, corexii_corridor_pit, uniq_maurice
D:12:     layout_gridville, gammafunk_ghost_hive, nicolae_island_escapes
D:13:     layout_long_grid
D:14:     kennysheep_ambush_hall, layout_long_grid,
          hellmonk_vaults_order_and_chaos,
          nicolae_concentric_dashed_squares_mild, minivault_16, corner_web_ring,
          onia_ninara_dug_in_and_dangerous
D:15:     grunt_enter_depths_snipers, layout_cave_pools
Temple:   minmay_freezing_vapour_temple
Lair:1:   layout_cave_pods, wad_woods_road_04, lemuel_fruit_tree
Lair:2:   layout_long_grid, nicolae_swamp_entry_splash_gauntlet,
          dummy_spider_entry, nzn_sisyphean_effort, infiniplex_staircase_pool_2
Lair:3:   layout_regular_city, ebering_ghost_rock_garden,
          amcnicky_mini_pool_medium, grunt_megastairs_2
Lair:4:   layout_loops_ring, minmay_slime_entry_pillars, beast_lair_carwin_8
Lair:5:   due_jungle_book, layout_regular_city, enter_volcano_1,
          gammafunk_ghost_hydra_chop, wad_woods_river_01
Swamp:1:  layout_basic_swamp, evilmike_swamp_ruin_house_2, swamp_pool5,
          nicolae_swamp_feature_on_the_river_bank
Swamp:2:  layout_falls_marsh, evilmike_swamp_ruin_wall, swamp_pool3,
          nicolae_swamp_godswood
Swamp:3:  cheibrodos_swamp_monstrosity, layout_basic_swamp,
          evilmike_swamp_ruin_rubble_1, uniq_mara
Swamp:4:  swamp, layout_basic_swamp, swamp_pool1, uniq_nikola, uniq_bai_suzhen,
          uniq_mlioglotl
Spider:1: nicolae_spider_hilbert_zone_4 [nicolae_spider_hilbert_4_sides_2_open,
          nicolae_spider_hilbert_4_sides_1_open,
          nicolae_spider_hilbert_4_sides_1_open,
          nicolae_spider_hilbert_4_sides_1_open,
          nicolae_spider_hilbert_4_sides_1_open,
          nicolae_spider_hilbert_2_sides_1_open,
          nicolae_spider_hilbert_2_sides_1_open,
          nicolae_spider_hilbert_2_sides_1_open,
          nicolae_spider_hilbert_2_sides_1_open,
          nicolae_spider_hilbert_6_sides_1_open,
          nicolae_spider_hilbert_6_sides_1_open,
          nicolae_spider_hilbert_3_sides_1_open,
          nicolae_spider_hilbert_3_sides_1_open],
          portal_ice_cave_entry_pillars_1
Spider:2: layout_spider_delve, nicolae_spider_acid_house, uniq_arachne
Spider:3: layout_spider_delve
Spider:4: floodkiller_spider_rune_tomb, nicolae_spider_altar_of_dancing
Orc:1:    layout_caves, serial_shops, shop, gammafunk_ghost_grave,
          mines3_lemuel, uniq_jorgrun
Orc:2:    pf_orc_diabolical, layout_diamond_mine, uniq_urug, uniq_erolcha
Elf:1:    eino_elf_arrival_altar, layout_loops_corners,
          ebering_ghost_reflecting_pool, minmay_elf_necromancy, minivault_11,
          dreamdust_princess_bridge
Elf:2:    nicolae_elf_blades_splatter_lattice [nicolae_blade_lattice],
          layout_geoelf_diagonals, basic_altar, minmay_shoptagon
Elf:3:    elf_hall, layout_geoelf_octagon, serial_shops, shop,
          minmay_shop_mayhem
Vaults:1: ontoclasm_vaults_pinch, dpeg_vaults_monster_row,
          hangedman_vaults_snaps, nicolae_vaults_surprise_closet_hard,
          v_pattern_1, nicolae_vaults_gold_heap, nicolae_vaults_weapon_check,
          nicolae_vaults_apartment_2, nicolae_vaults_cornered_office,
          hangedman_vaults_locks, layout_vaults_ring, serial_shops, bzr_firewalk
Vaults:2: nicolae_vaults_back_hallway, v_misc_29, vaults_mumra_lcd,
          nicolae_vaults_wrenched, nicolae_vaults_frosty_reception,
          nicolae_vaults_ring_of_whatevers, vaults_mumra_bighexcomb,
          hangedman_vaults_nails, nicolae_vaults_cochlea,
          nicolae_vaults_network_square, ontoclasm_vaults_fault,
          nicolae_vaults_trapezoid_1, nicolae_vaults_trapezoid_lopsided_1,
          layout_vaults_big_room, serial_shops, nicolae_diamond_shop
Vaults:3: door_vault, nicolae_vaults_double_plus_2, vaults_dpeg_emergency_exit,
          nicolae_vaults_triangles, v_misc_2, nicolae_vaults_closet_pinwheel_2,
          nicolae_vaults_trapezoid_lopsided_3, nicolae_vaults_circle_grid_b,
          nicolae_vaults_doubleplus_tesselated,
          nicolae_vaults_windows_and_doors_thing, nicolae_vaults_big_ls,
          minmay_crypt_entry_nasty_monster, layout_vaults_omnibox, uniq_margery
Vaults:4: vaults_mumra_hex, nicolae_vaults_turnstiles, v_alt_pattern_2,
          st_more_cells, nicolae_vaults_prndl, grunt_vaults_hallway_short,
          grunt_vaults_focal, layout_vaults_omnigrid, serial_shops, shop
Vaults:5: uniq_frederick
Depths:1: layout_forbidden_donut, enter_ziggurat_f, hangedman_geh_valley,
          grunt_gozag_breadcrumbs, nemelex_altar_shiori
Depths:2: gammafunk_sealed_library, layout_cave_shapes,
          grunt_hell_entry_dis_old, moated_statue, grunt_pan_entry_in_and_out
Depths:3: minmay_crescents, layout_cave_shapes, dk_noncrumbling_3,
          nicolae_hell_entry_hellmouth_sunbeams, abyss_entry_crystal,
          infiniplex_staircase_door_maze, uniq_norris, uniq_grunn
Depths:4: evilmike_zot_entry_gauntlet, layout_cave_shapes,
          rand_demon_pan_entry_9, abyss_entry_small_statue_room,
          nicolae_vehumet_altar_sigil, hell_entry, uniq_vv, uniq_boris
Zot:1:    lemuel_halls_of_wrath, layout_basic
Zot:2:    layout_misc_corridors, uniq_parghit
Zot:3:    layout_twisted_circle
Zot:4:    infiniplex_zot_generator, layout_onion, lemuel_flame_loot_1
Zot:5:    layout_gridlike, bh_zot_levy_curve

Notes
Turn   | Place    | Note
-------+----------+-------------------------------------------
     0 | D:1      | MackTheKnife the Spriggan Wanderer began the quest for the
                  | Orb.
     0 | D:1      | MackTheKnife set off with the following items: a +0 dagger
                  | {short}, 2 atropa-tipped darts {throwing}, 2 datura-tipped
                  | darts {throwing}, a +0 cloak, a scroll of blinking {!r}, a
                  | +0 robe; and the following spell memorised: Slow; and the
                  | following spells available to memorise: Dazzling Flash.
     0 | D:1      | Reached XP level 1. HP: 9/9 MP: 3/3
     0 | D:1      | magus.rc [v1.9.6]
   116 | D:1      | Reached skill level 5 in Stealth
   219 | D:1      | Reached XP level 2. HP: 12/13 MP: 5/5
   640 | D:1      | Reached skill level 6 in Stealth
   890 | D:2      | Noticed Robin
  1149 | D:2      | Reached XP level 3. HP: 12/16 MP: 6/6
  1353 | D:2      | You pick up a book of Dreams and begin reading...
  1353 | D:2      | You add the spells Jinxbite, Ensorcelled Hibernation and
                  | Anguish to your library.
  1361 | D:2      | Learned a level 2 spell: Ensorcelled Hibernation
  1613 | D:2      | Found a runed translucent door.
  1614 | D:2      | Noticed Crazy Yiuf
  1951 | D:3      | Reached skill level 3 in Hexes
  2201 | D:3      | Reached skill level 1 in Ice Magic
  2201 | D:3      | Reached XP level 4. HP: 21/21 MP: 7/7
  2534 | D:4      | You pick up a book of Alchemy and begin reading...
  2534 | D:4      | You add the spells Sublimation of Blood, Petrify and
                  | Irradiate to your library.
  2651 | D:4      | Noticed a phantom
  2673 | D:4      | Killed a phantom
  2674 | D:4      | Reached skill level 4 in Hexes
  2674 | D:4      | Reached XP level 5. HP: 23/24 MP: 8/8
  2756 | D:4      | Noticed Blork the orc
  2793 | D:4      | Killed Blork the orc
  2794 | D:4      | Reached skill level 5 in Hexes
  2794 | D:4      | Reached skill level 2 in Ice Magic
  2884 | D:4      | Found an iron altar of Okawaru.
  3078 | D:4      | Noticed a phantom
  3088 | D:4      | Killed a phantom
  3089 | D:4      | Reached skill level 6 in Hexes
  3089 | D:4      | Reached XP level 6. HP: 28/28 MP: 9/9
  3103 | D:4      | Found a shadowy altar of Dithmenos.
  3126 | D:4      | Noticed Menkaure
  3128 | D:4      | Killed Menkaure
  3129 | D:4      | Reached skill level 2 in Spellcasting
  3547 | D:4      | Reached skill level 3 in Spellcasting
  3732 | D:4      | Found a staircase to the Ecumenical Temple.
  3739 | Temple   | Entered the Ecumenical Temple
  3744 | Temple   | Became a worshipper of Gozag Ym Sagoz the Greedy
  3899 | D:5      | Entered Level 5 of the Dungeon
  3929 | D:5      | Reached XP level 7. HP: 32/32 MP: 13/13
  3932 | D:5      | Learned a level 2 spell: Jinxbite
  3936 | D:5      | Learned a level 3 spell: Dazzling Flash
  3977 | D:5      | Reached skill level 7 in Hexes
  4013 | D:5      | Noticed Sigmund
  4024 | D:5      | Reached skill level 4 in Spellcasting
  4045 | D:5      | Killed Sigmund
  4072 | D:5      | Noticed Grinder
  4111 | D:5      | Killed Grinder
  4112 | D:5      | Reached skill level 6 in Spellcasting
  4112 | D:5      | Reached skill level 8 in Hexes
  4190 | D:5      | HP: 8/32 [sleepcap (20)]
  4419 | D:5      | Reached skill level 1 in Short Blades
  4419 | D:5      | Reached skill level 7 in Stealth
  4419 | D:5      | Reached XP level 8. HP: 36/36 MP: 18/18
  4577 | D:6      | Reached skill level 2 in Short Blades
  4698 | D:6      | Reached skill level 3 in Short Blades
  4698 | D:6      | Reached skill level 8 in Stealth
  4808 | D:6      | Found an ornate altar of the Wu Jian Council.
  4810 | D:6      | Reached skill level 4 in Short Blades
  4950 | D:6      | Reached skill level 4 in Dodging
  5021 | D:6      | Found a hide-covered altar of Uskayaw.
  5055 | D:6      | Found a shimmering blue altar of Sif Muna.
  5078 | D:6      | Reached skill level 5 in Dodging
  5645 | D:7      | You pick up a book of Conjurations {@e2} and begin
                  | reading...
  5645 | D:7      | You add the spells Magic Dart, Searing Ray and Fulminant
                  | Prism to your library.
  5718 | D:7      | Reached skill level 6 in Dodging
  5747 | D:7      | Reached skill level 1 in Fighting
  5824 | D:7      | Reached skill level 2 in Fighting
  5979 | D:7      | Reached skill level 3 in Fighting
  5979 | D:7      | Reached XP level 9. HP: 44/44 MP: 18/19
  6253 | D:7      | Found Tiumiseha's Firing Range.
  6555 | D:2      | Killed Crazy Yiuf
  6556 | D:2      | Reached skill level 4 in Fighting
  6742 | D:8      | Identified 2 scrolls of acquirement
  6743 | D:8      | Acquired a +0 quick blade of electrocution
  6744 | D:8      | d - a +0 quick blade of electrocution {shortrare=g}
  6745 | D:8      | d - a +0 quick blade of electrocution (weapon)
                  | {shortrare=g}
  6751 | D:8      | Acquired the ring "Hero's Friend" {rF+ Str+3 SInv}
  6798 | D:8      | Found a white marble altar of Elyvilon.
  6838 | D:8      | You pick up a book of Cantrips and begin reading...
  6838 | D:8      | You add the spells Necrotise, Summon Small Mammal and
                  | Apportation to your library.
  6861 | D:8      | Found a sparkling altar of Nemelex Xobeh.
  6936 | D:8      | Found the +6 shillelagh "Devastator" {shatter}
  6941 | D:8      | Noticed a gargoyle
  6941 | D:8      | Noticed a two-headed ogre
  6941 | D:8      | Noticed a two-headed ogre
  7183 | D:8      | Your damage rating with your +0 quick blade of
                  | electrocution {shortrare=g} is about 5 (Base 4 x 117% (Dex)
                  | x 115% (Skill)).
  7270 | D:8      | Noticed Pikel
  7320 | D:8      | Killed Pikel
  7321 | D:8      | Reached skill level 5 in Short Blades
  7321 | D:8      | Reached skill level 10 in Stealth
  7478 | D:8      | Found a bloodstained altar of Trog.
  7478 | D:8      | Found a sacrificial altar of Ru.
  7637 | D:8      | Reached skill level 6 in Short Blades
  7727 | D:8      | Found a blossoming altar of Fedhas.
  7824 | D:8      | Your damage rating with your +0 quick blade of
                  | electrocution {shortrare=g} is about 5 (Base 4 x 117% (Dex)
                  | x 119% (Skill)).
  8085 | D:9      | Noticed Maggie
  8162 | D:9      | Reached skill level 11 in Stealth
  8273 | D:9      | Reached skill level 7 in Short Blades
  8278 | D:9      | Reached XP level 10. HP: 49/49 MP: 20/20
  8287 | D:9      | Bought a scroll of identify for 26 gold pieces
  8287 | D:9      | Bought a scroll of identify for 26 gold pieces
  8309 | D:9      | Noticed a two-headed ogre
  8313 | D:9      | Killed a two-headed ogre
  8314 | D:9      | Reached skill level 8 in Short Blades
  8314 | D:9      | Reached skill level 12 in Stealth
  8402 | D:9      | Noticed a two-headed ogre
  8404 | D:9      | Noticed a two-headed ogre
  8592 | D:9      | Killed a two-headed ogre
  8593 | D:9      | Reached skill level 8 in Dodging
  8643 | D:9      | Found a staircase to the Lair.
  8753 | D:9      | Reached skill level 9 in Dodging
  8788 | D:9      | Identified the +8 dagger of Sloth {venom, rC+}
  8804 | D:9      | Reached skill level 10 in Dodging
  8827 | D:9      | Reached skill level 1 in Shields
  9067 | D:10     | Entered Level 10 of the Dungeon
  9160 | D:10     | Found a portal to a secret trove of treasure.
  9160 | D:10     | Noticed Harold
  9486 | D:10     | Reached skill level 2 in Shields
  9525 | D:10     | Noticed a two-headed ogre
  9530 | D:10     | Killed a two-headed ogre
  9531 | D:10     | Reached skill level 3 in Shields
  9564 | D:10     | Reached skill level 4 in Shields
  9722 | D:10     | Noticed an orange demon
  9723 | D:10     | Noticed Amaemon
  9723 | D:10     | Amaemon is wielding the +8 whip "Snakebite" {venom, curare,
                  | rPois}.
  9724 | D:10     | Here: Amaemon, wielding the +8 whip "Snakebite" {venom,
                  | curare, rPois} (asleep)
  9744 | D:10     | Aim: Amaemon, wielding the +8 whip "Snakebite" {venom,
                  | curare, rPois} (chance to affect: 22%)
  9744 | D:10     | Aim: Amaemon, wielding the +8 whip "Snakebite" {venom,
                  | curare, rPois} (chance to affect: 22%)
  9744 | D:10     | Aim: Amaemon, wielding the +8 whip "Snakebite" {venom,
                  | curare, rPois}
  9744 | D:10     | Aim: Amaemon, wielding the +8 whip "Snakebite" {venom,
                  | curare, rPois}
  9744 | D:10     | Aim: Amaemon, wielding the +8 whip "Snakebite" {venom,
                  | curare, rPois} (chance to affect: 22%)
  9744 | D:10     | Aim: Amaemon, wielding the +8 whip "Snakebite" {venom,
                  | curare, rPois} (chance to affect: 22%)
  9748 | D:10     | Aim: Amaemon, wielding the +8 whip "Snakebite" {venom,
                  | curare, rPois} (chance to affect: 22%)
  9748 | D:10     | Aim: Amaemon, wielding the +8 whip "Snakebite" {venom,
                  | curare, rPois} (chance to affect: 22%)
  9749 | D:10     | Aim: Amaemon, wielding the +8 whip "Snakebite" {venom,
                  | curare, rPois} (chance to affect: 22%)
  9749 | D:10     | Aim: Amaemon, wielding the +8 whip "Snakebite" {venom,
                  | curare, rPois} (chance to affect: 22%)
  9756 | D:10     | Aim: Amaemon, wielding the +8 whip "Snakebite" {venom,
                  | curare, rPois} (chance to affect: 22%)
  9756 | D:10     | Aim: Amaemon, wielding the +8 whip "Snakebite" {venom,
                  | curare, rPois} (chance to affect: 22%)
  9886 | D:11     | Reached XP level 11. HP: 53/53 MP: 21/21
  9927 | D:11     | You pick up a book of Conjurations {@e2} and begin
                  | reading...
 10165 | D:11     | Reached skill level 5 in Shields
 10213 | D:11     | You pick up a book of Lightning and begin reading...
 10213 | D:11     | You add the spells Vhi's Electric Charge, Arcjolt and
                  | Plasma Beam to your library.
 10251 | D:11     | Found Anoesoc's Weapon Shoppe.
 10293 | D:11     | Your damage rating with your +0 quick blade of
                  | electrocution {shortrare=g} is about 5 (Base 4 x 117% (Dex)
                  | x 123% (Skill)).
 10315 | D:11     | Found a staircase to the Orcish Mines.
 10350 | D:11     | Found Luecveba's Armour Shoppe.
 10492 | D:11     | Your damage rating with your +0 quick blade of
                  | electrocution {shortrare=g} is about 5 (Base 4 x 117% (Dex)
                  | x 123% (Skill)).
 10574 | D:11     | Noticed Maurice
 10579 | D:11     | Killed Maurice
 10595 | D:11     | Your damage rating with your +0 quick blade of
                  | electrocution {shortrare=g} is about 5 (Base 4 x 117% (Dex)
                  | x 123% (Skill)).
 10623 | D:11     | Reached skill level 6 in Shields
 10879 | D:11     | Reached skill level 5 in Fighting
 11158 | D:10     | Aim: Amaemon, wielding the +8 whip "Snakebite" {venom,
                  | curare, rPois} and carrying a wand of polymorph (chance to
                  | affect: 22%)
 11158 | D:10     | Aim: Amaemon, wielding the +8 whip "Snakebite" {venom,
                  | curare, rPois} and carrying a wand of polymorph (chance to
                  | affect: 22%)
 11159 | D:10     | Aim: Amaemon, wielding the +8 whip "Snakebite" {venom,
                  | curare, rPois} and carrying a wand of polymorph (chance to
                  | affect: 22%)
 11159 | D:10     | Aim: Amaemon, wielding the +8 whip "Snakebite" {venom,
                  | curare, rPois} and carrying a wand of polymorph (chance to
                  | affect: 22%)
 11164 | D:10     | Aim: Amaemon, wielding the +8 whip "Snakebite" {venom,
                  | curare, rPois} and carrying a wand of polymorph (64% to
                  | hit)
 11164 | D:10     | Aim: Amaemon, wielding the +8 whip "Snakebite" {venom,
                  | curare, rPois} and carrying a wand of polymorph (64% to
                  | hit)
 11176 | D:10     | Killed Amaemon
 11177 | D:10     | Reached skill level 6 in Fighting
 11349 | D:9      | Killed Maggie
 11358 | D:9      | Bought a scroll of acquirement for 676 gold pieces
 11358 | D:9      | Acquired a +2 hat
 11421 | Lair:1   | Entered Level 1 of the Lair of Beasts
 11547 | Lair:1   | Reached skill level 7 in Fighting
 11551 | Lair:1   | Reached skill level 2 in Evocations
 11705 | Lair:1   | Your damage rating with your +0 quick blade of
                  | electrocution {shortrare=g} is about 6 (Base 4 x 117% (Dex)
                  | x 129% (Skill)).
 11710 | Lair:1   | Reached skill level 3 in Evocations
 11843 | Lair:1   | You pick up a book of Beasts and begin reading...
 11843 | Lair:1   | You add the spells Summon Ice Beast, Summon Mana Viper and
                  | Monstrous Menagerie to your library.
 11904 | Lair:1   | Reached skill level 4 in Evocations
 11909 | Lair:1   | Reached skill level 5 in Evocations
 12104 | Lair:1   | Reached skill level 6 in Evocations
 12142 | Lair:1   | Reached XP level 12. HP: 63/63 MP: 22/22
 12145 | Lair:1   | Reached skill level 7 in Evocations
 12789 | Lair:2   | Noticed a catoblepas
 12826 | Lair:2   | Reached skill level 8 in Evocations
 12878 | Lair:2   | Found a hole to the Spider Nest.
 12990 | Lair:2   | Noticed an eight-headed hydra
 13020 | Lair:2   | Noticed a boulder beetle
 13027 | Lair:2   | Killed a boulder beetle
 13028 | Lair:2   | Reached skill level 9 in Evocations
 13185 | Lair:2   | Killed an eight-headed hydra
 13186 | Lair:2   | Reached skill level 10 in Evocations
 13763 | Lair:2   | Reached skill level 7 in Spellcasting
 13787 | Lair:2   | Reached skill level 9 in Hexes
 13942 | Lair:2   | Found a staircase to the Swamp.
 14095 | Lair:3   | Learned a level 5 spell: Summon Mana Viper
 14221 | Lair:3   | Reached skill level 8 in Spellcasting
 14262 | Lair:3   | Reached skill level 10 in Hexes
 14481 | Lair:3   | Reached skill level 1 in Summonings
 14551 | Lair:3   | Reached skill level 2 in Summonings
 14635 | Lair:3   | Reached skill level 3 in Summonings
 15003 | Lair:3   | Reached skill level 4 in Summonings
 15237 | Lair:3   | Reached XP level 13. HP: 67/67 MP: 14/26
 15359 | Lair:3   | Reached skill level 5 in Summonings
 15534 | Lair:3   | Found a runed translucent gate.
 15535 | Lair:3   | Found a runed translucent gate.
 15536 | Lair:3   | Found a runed translucent gate.
 15539 | Lair:3   | Noticed bmj180's ghost (journeyman HuCj)
 15950 | Lair:4   | Reached skill level 6 in Summonings
 16102 | Lair:4   | Reached skill level 7 in Summonings
 16243 | Lair:4   | Bought a scroll of identify for 24 gold pieces
 16243 | Lair:4   | Bought a scroll of identify for 24 gold pieces
 16269 | Lair:4   | Found a staircase to the Slime Pits.
 16481 | Lair:4   | Reached skill level 8 in Summonings
 16876 | Lair:4   | Reached skill level 9 in Spellcasting
 17031 | Lair:4   | Reached skill level 10 in Spellcasting
 17471 | Lair:5   | Entered Level 5 of the Lair of Beasts
 17472 | Lair:5   | magus.rc [v1.9.6]
 17622 | Lair:5   | Reached skill level 9 in Short Blades
 17793 | Lair:4   | magus.rc [v1.9.6]
 17923 | Lair:5   | Found a runed translucent gate.
 17926 | Lair:5   | Found a runed translucent gate.
 17978 | Lair:5   | Found a runed translucent gate.
 17983 | Lair:5   | Noticed Vorhees's ghost (journeyman DjCj)
 18006 | Lair:5   | Reached skill level 10 in Short Blades
 18217 | Lair:5   | Reached XP level 14. HP: 72/72 MP: 17/29
 18224 | Lair:5   | Found a dark tunnel.
 18229 | Volcano  | Entered a volcano
 18378 | Volcano  | Reached skill level 8 in Fighting
 18637 | Lair:5   | Reached skill level 11 in Hexes
 19056 | Lair:5   | Reached skill level 12 in Hexes
 19193 | Lair:5   | Reached skill level 11 in Spellcasting
 19579 | Lair:5   | Reached skill level 12 in Spellcasting
 19894 | Lair:5   | You pick up a book of Debilitation and begin reading...
 19894 | Lair:5   | You add the spells Sigil of Binding, Vampiric Draining and
                  | Confusing Touch to your library.
 19949 | Lair:5   | You add the spells Sting, Metabolic Englaciation and
                  | Alistair's Intoxication to your library.
 19949 | Lair:5   | Got a dog-eared
 19954 | Lair:5   | Learned a level 3 spell: Confusing Touch
 20232 | Lair:5   | Reached skill level 13 in Stealth
 20328 | Lair:5   | Reached skill level 11 in Dodging
 20426 | Lair:5   | You add the spells Gell's Gravitas, Teleport Other and
                  | Dispersal to your library.
 21215 | Orc:1    | Entered Level 1 of the Orcish Mines
 21377 | Orc:1    | Found Jekkenlu's Distillery.
 21390 | Orc:1    | Bought a potion of might for 48 gold pieces
 21485 | Orc:2    | Entered Level 2 of the Orcish Mines
 21496 | Orc:2    | Noticed Urug
 21832 | Orc:2    | Found Kotirgh's General Store.
 21945 | Orc:2    | Reached skill level 14 in Stealth
 22008 | Orc:2    | Found Xoociqar's Magic Scroll Boutique.
 22124 | Orc:2    | Bought a scroll of enchant weapon for 112 gold pieces
 22124 | Orc:2    | Bought a scroll of blinking for 112 gold pieces
 22124 | Orc:2    | your +0 quick blade of electrocution {shortrare=g} glows
                  | red for a moment.
 22125 | Orc:2    | d - a +1 quick blade of electrocution (weapon)
                  | {shortrare=g}
 22125 | Orc:2    | a - a +1 quick blade of electrocution (weapon)
                  | {shortrare=g}
 22439 | Orc:2    | Noticed Erolcha
 22473 | Orc:2    | Killed Erolcha
 22474 | Orc:2    | Reached skill level 12 in Dodging
 22607 | Orc:2    | Found a staircase to the Elven Halls.
 22617 | Orc:2    | Killed Urug
 22658 | Orc:2    | Q - a +0 eveningstar of flaming {macerare=g}
 23114 | Orc:1    | Reached skill level 15 in Stealth
 23116 | Orc:1    | Reached XP level 15. HP: 62/77 MP: 25/32
 23252 | Orc:1    | Noticed Jorgrun
 23276 | Orc:1    | Found a runed translucent door.
 23276 | Orc:1    | Noticed Arhieg's ghost (journeyman DsBe)
 23610 | Orc:2    | Reached skill level 9 in Fighting
 24139 | Orc:2    | Found Letorpha's Antique Weapon Shoppe.
 24139 | Orc:2    | Found Kilelerac's Book Emporium.
 24143 | Orc:2    | Found a one-way gate leading to the halls of Pandemonium.
 24262 | Orc:2    | Bought the ring of Xevov {rC+ EV+5 Dex+2} for 867 gold
                  | pieces
 24571 | Lair:3   | Bought a book of Misfortune for 468 gold pieces
 24571 | Lair:3   | You pick up a book of Misfortune and begin reading...
 24571 | Lair:3   | You add the spells Inner Flame, Yara's Violent Unravelling
                  | and Enfeeble to your library.
 24577 | Lair:3   | Learned a level 5 spell: Yara's Violent Unravelling
 24585 | Lair:3   | Learned a level 7 spell: Enfeeble
 24759 | D:12     | You pick up a book of Spatial Translocations and begin
                  | reading...
 24759 | D:12     | You add the spells Blink, Momentum Strike and Lesser
                  | Beckoning to your library.
 24817 | D:12     | Reached skill level 10 in Fighting
 24844 | D:12     | Found a transporter.
 24918 | D:12     | Reached skill level 1 in Transmutations
 24924 | D:12     | Found Seurun's Island Escapes.
 25005 | D:12     | Reached skill level 2 in Transmutations
 25054 | D:12     | You fall into a shaft and drop 2 floors!
 25063 | D:14     | You pick up a book of Displacement and begin reading...
 25181 | D:14     | Reached skill level 3 in Transmutations
 25210 | D:14     | HP: 9/80 [manticore (16)]
 25288 | D:14     | Found the +10 morningstar "Eos" {elec, Halo rElec}
 25414 | D:13     | You pick up a book of Chaos and begin reading...
 25414 | D:13     | You add the spells Conjure Ball Lightning, Disjunction and
                  | Discord to your library.
 25515 | D:12     | Found a transporter.
 25515 | D:12     | Noticed corvin's ghost (journeyman DgWn)
 25698 | D:12     | Bought a scroll of blinking for 105 gold pieces
 25698 | D:12     | Bought a scroll of blinking for 105 gold pieces
 25820 | D:13     | Reached skill level 4 in Transmutations
 26002 | D:13     | your +1 quick blade of electrocution {shortrare=g} glows
                  | red for a moment.
 26003 | D:13     | your +2 quick blade of electrocution {shortrare=g} glows
                  | red for a moment.
 26004 | D:13     | your +3 quick blade of electrocution {shortrare=g} glows
                  | red for a moment.
 26005 | D:13     | your +4 quick blade of electrocution {shortrare=g} glows
                  | red for a moment.
 26006 | D:13     | your +5 quick blade of electrocution {shortrare=g} glows
                  | red for a moment.
 26049 | D:13     | Reached skill level 5 in Transmutations
 26074 | D:13     | Reached skill level 13 in Hexes
 26081 | D:13     | You pick up a book of the Spheres and begin reading...
 26081 | D:13     | You add the spells Brom's Barrelling Boulder, Iskenderun's
                  | Battlesphere, Fireball and Orb of Destruction to your
                  | library.
 26284 | D:14     | your +6 quick blade of electrocution {shortrare=g} glows
                  | red for a moment.
 26354 | D:14     | Found a gate to the Vaults.
 26524 | D:14     | Reached skill level 14 in Hexes
 27182 | D:15     | Entered Level 15 of the Dungeon
 27310 | D:15     | You pick up a book of Armaments and begin reading...
 27310 | D:15     | You add the spells Stone Arrow, Animate Armour and
                  | Lehudib's Crystal Spear to your library.
 27377 | D:15     | Reached skill level 15 in Hexes
 27387 | D:15     | You add the spells Malign Gateway and Summon Horrible
                  | Things to your library.
 27396 | D:15     | Learned a level 7 spell: Malign Gateway
 27410 | D:15     | Identified the +7 scimitar of Fear {venom, rElec}
 27717 | D:15     | Found a staircase to the Depths.
 27961 | Orc:2    | Bought an amulet of reflection for 480 gold pieces
 27974 | Orc:2    | You drop a +0 eveningstar of flaming {macerare=g}.
 28184 | Spider:1 | Entered Level 1 of the Spider Nest
 28221 | Spider:1 | Reached XP level 16. HP: 42/85 MP: 21/33
 28669 | Spider:1 | Found a frozen archway.
 28686 | IceCv    | Entered an ice cave
 29556 | IceCv    | Reached skill level 13 in Spellcasting
 30006 | IceCv    | Reached skill level 16 in Hexes
 30599 | IceCv    | You pick up a book of Ice and begin reading...
 30599 | IceCv    | You add the spells Ozocubu's Refrigeration and Polar Vortex
                  | to your library.
 30715 | Spider:1 | Reached skill level 14 in Spellcasting
 31270 | Spider:2 | You pick up a book of Displacement and begin reading...
 31414 | Spider:2 | Noticed Arachne
 31434 | Spider:2 | HP: 20/85 [poisoned by Arachne]
 31449 | Spider:2 | HP: 17/85 [poisoned by a redback]
 31813 | Spider:1 | Paralysed by a jorogumo for 1 turns
 31936 | Spider:1 | Upgraded the game from 0.31-a0-771-g505c3d19dc to
                  | 0.31-a0-774-g0d66cbabe8
 31936 | Spider:1 | magus.rc [v1.9.6]
 31959 | Lair:2   | Bought a grey potion for 23 gold pieces
 31959 | Lair:2   | Bought a runed robe for 96 gold pieces
 32018 | Swamp:1  | Entered Level 1 of the Swamp
 32041 | Swamp:1  | You pick up a book of Vapours and begin reading...
 32041 | Swamp:1  | You add the spells Poisonous Vapours, Mephitic Cloud and
                  | Freezing Cloud to your library.
 32048 | Swamp:1  | Learned a level 5 spell: Freezing Cloud
 32199 | Swamp:1  | Reached skill level 16 in Stealth
 32249 | Swamp:1  | Reached skill level 13 in Dodging
 32462 | Swamp:1  | Reached skill level 1 in Air Magic
 32674 | Swamp:1  | Reached skill level 1 in Conjurations
 32776 | Swamp:1  | Reached skill level 2 in Air Magic
 32787 | Swamp:1  | You pick up a book of Minor Magic and begin reading...
 33036 | Swamp:1  | You pick up a book of Fire and begin reading...
 33036 | Swamp:1  | You add the spells Foxfire and Starburst to your library.
 33233 | Swamp:2  | Reached skill level 3 in Ice Magic
 33243 | Swamp:2  | Identified the +2 robe of Life {rF+ rN+}
 33307 | Swamp:2  | Reached skill level 2 in Conjurations
 33451 | Swamp:2  | You pick up a book of Displacement and begin reading...
 33651 | Swamp:2  | You pick up a book of Burglary and begin reading...
 33651 | Swamp:2  | You add the spells Passwall and Swiftness to your library.
 34033 | Swamp:2  | Found a glowing golden altar of the Shining One.
 34084 | Swamp:3  | Noticed Mara
 34101 | Swamp:2  | HP: 20/85 [swamp dragon (9)]
 34105 | Swamp:2  | Reached skill level 3 in Air Magic
 34105 | Swamp:2  | HP: 8/85 [something (8)]
 34106 | Swamp:2  | HP: 2/85 [poison (poison gas)]
 34570 | Elf:1    | Entered Level 1 of the Elven Halls
 34884 | Spider:2 | Killed Arachne
 35572 | Spider:2 | Reached XP level 17. HP: 89/89 MP: 22/36
 35601 | Spider:2 | Reached skill level 3 in Conjurations
 35601 | Spider:2 | Reached skill level 4 in Ice Magic
 36004 | Spider:2 | Reached skill level 4 in Air Magic
 36007 | Spider:2 | Noticed an acid blob
 36065 | Spider:2 | Killed an acid blob
 36577 | Spider:3 | Reached skill level 4 in Conjurations
 36858 | Spider:3 | Reached skill level 5 in Ice Magic
 36886 | Spider:3 | Reached skill level 5 in Air Magic
 37993 | Spider:4 | Entered Level 4 of the Spider Nest
 38362 | Spider:4 | Reached skill level 5 in Conjurations
 38366 | Spider:4 | Reached skill level 6 in Air Magic
 38372 | Spider:4 | Reached skill level 6 in Ice Magic
 39245 | Spider:4 | Reached skill level 15 in Spellcasting
 39417 | Spider:4 | Found a hide-covered altar of Uskayaw.
 40038 | Spider:4 | Reached skill level 16 in Spellcasting
 40367 | Spider:4 | Reached XP level 18. HP: 62/95 MP: 29/39
 40511 | Spider:4 | Identified the +0 hat of Asyan {Drain +Blink rN+++ Dex+3}
 40536 | Spider:4 | Got a gossamer rune of Zot
 40942 | Vaults:1 | Entered Level 1 of the Vaults
 40965 | Vaults:1 | Reached skill level 11 in Fighting
 41099 | Vaults:1 | Found a flickering gateway to a bazaar.
 41111 | Bazaar   | Entered a bazaar
 41111 | Bazaar   | Found Noasuud's Magic Scroll Boutique.
 41170 | Bazaar   | Bought a scroll of enchant weapon for 97 gold pieces
 41170 | Bazaar   | your +7 quick blade of electrocution {shortrare=g} glows
                  | red for a moment.
 41186 | Bazaar   | Found Byly's Antique Weapon Shoppe.
 41197 | Bazaar   | Found Gecoshuo's General Store.
 41208 | Bazaar   | Found Saupaiv's Antique Armour Emporium.
 41216 | Bazaar   | Found Lorghot's Book Emporium.
 41238 | Bazaar   | Bought the +4 skin of Zhor {*Englaciate rC+++ SInv} for
                  | 1064 gold pieces
 41238 | Bazaar   | Found the +4 skin of Zhor {*Englaciate rC+++ SInv}
 41256 | Bazaar   | Bought a manual of Summonings for 960 gold pieces
 41267 | Bazaar   | Bought a scroll of teleportation for 39 gold pieces
 41267 | Bazaar   | Bought a scroll of revelation for 97 gold pieces
 41267 | Bazaar   | Bought a scroll of amnesia for 52 gold pieces
 41467 | Vaults:1 | Identified the +1 rapier "Conservator" {flame, Drain Will-
                  | rCorr Int+8}
 41916 | Vaults:1 | your +8 quick blade of electrocution {shortrare=g} glows
                  | red for a moment.
 41930 | Vaults:1 | Reached skill level 12 in Fighting
 41974 | Vaults:1 | Reached skill level 1 in Translocations
 41983 | Vaults:1 | Reached skill level 2 in Translocations
 42112 | Vaults:1 | Reached skill level 3 in Translocations
 42291 | Vaults:1 | Reached skill level 4 in Translocations
 42327 | Vaults:1 | Reached skill level 9 in Summonings
 42392 | Vaults:1 | Reached skill level 5 in Translocations
 42641 | Vaults:1 | Identified the +0 robe of Anarchy {Harm rC- Str+5}
 42658 | Vaults:1 | Bought a scroll of blinking for 127 gold pieces
 42658 | Vaults:1 | Bought a scroll of revelation for 127 gold pieces
 42658 | Vaults:1 | Bought a scroll of teleportation for 51 gold pieces
 42658 | Vaults:1 | Bought a scroll of teleportation for 51 gold pieces
 42658 | Vaults:1 | Bought a scroll of teleportation for 51 gold pieces
 42658 | Vaults:1 | magus.rc [v1.9.6]
 42666 | Vaults:2 | Reached skill level 6 in Translocations
 42933 | Vaults:2 | Acquired the scarf of Watchfulness {rC+ rF+, *Corrode
                  | Int+9}
 43081 | Vaults:2 | Reached skill level 10 in Summonings
 43081 | Vaults:2 | Reached skill level 7 in Translocations
 43171 | Vaults:2 | You add the spells Ignite Poison, Sticky Flame and Ignition
                  | to your library.
 43189 | Vaults:2 | Identified the +7 great sword "Luown" {flame, Dex+3}
 43246 | Vaults:2 | Found Aliump's Jewellery Shoppe.
 43261 | Vaults:2 | magus.rc [v1.9.6]
 43261 | Vaults:2 | Bought the ring "Qirinoh" {Fly MP+9 Dex+4 Stlth+} for 982
                  | gold pieces
 43535 | Vaults:2 | Reached skill level 8 in Translocations
 43925 | Vaults:2 | Reached skill level 11 in Summonings
 43927 | Vaults:2 | Reached skill level 9 in Translocations
 44164 | Vaults:2 | Paralysed by a formless jellyfish for 1 turns
 44851 | Vaults:3 | Reached skill level 10 in Translocations
 44971 | Vaults:3 | magus.rc [v1.9.6]
 45128 | Vaults:3 | Gained mutation: You have hidden genetic potential. [potion
                  | of mutation]
 45128 | Vaults:3 | Gained mutation: You have a pair of small horns on your
                  | head. [potion of mutation]
 45177 | Vaults:3 | Found a huge runed gate.
 45177 | Vaults:3 | Found a huge runed gate.
 45177 | Vaults:3 | Found a huge runed gate.
 45177 | Vaults:3 | Found a huge runed gate.
 45177 | Vaults:3 | Found a huge runed gate.
 45177 | Vaults:3 | Found a huge runed gate.
 45178 | Vaults:3 | Found a huge runed gate.
 45178 | Vaults:3 | Found a huge runed gate.
 45178 | Vaults:3 | Found a huge runed gate.
 45178 | Vaults:3 | Found a huge runed gate.
 45194 | Vaults:3 | Reached XP level 19. HP: 87/102 MP: 29/40
 45195 | Vaults:3 | Reached skill level 12 in Summonings
 45236 | Vaults:3 | Found a huge runed gate.
 45236 | Vaults:3 | Found a huge runed gate.
 45236 | Vaults:3 | Found a huge runed gate.
 45236 | Vaults:3 | Found a huge runed gate.
 45236 | Vaults:3 | Found a huge runed gate.
 45236 | Vaults:3 | Found a huge runed gate.
 45286 | Vaults:3 | Found a huge runed gate.
 45301 | Vaults:3 | Found a huge runed gate.
 45302 | Vaults:3 | Found a huge runed gate.
 45308 | Vaults:3 | Found a huge runed gate.
 45309 | Vaults:3 | Found a huge runed gate.
 45310 | Vaults:3 | Found a huge runed gate.
 45311 | Vaults:3 | Found a huge runed gate.
 45312 | Vaults:3 | Found a huge runed gate.
 45313 | Vaults:3 | Found a huge runed gate.
 45319 | Vaults:3 | Reached skill level 11 in Translocations
 45798 | Vaults:3 | Reached skill level 12 in Translocations
 45900 | Vaults:3 | magus.rc [v1.9.6]
 46097 | Vaults:3 | Found a huge runed gate.
 46097 | Vaults:3 | Found a huge runed gate.
 46097 | Vaults:3 | Found a huge runed gate.
 46097 | Vaults:3 | Found a huge runed gate.
 46097 | Vaults:3 | Found a huge runed gate.
 46106 | Vaults:3 | Found a huge runed gate.
 46111 | Vaults:3 | Reached skill level 13 in Summonings
 46138 | Vaults:3 | Found a huge runed gate.
 46331 | Vaults:3 | magus.rc [v1.9.6]
 46338 | Vaults:3 | Learned a level 6 spell: Dispersal
 46471 | Vaults:3 | Found a huge runed gate.
 46472 | Vaults:3 | Found a huge runed gate.
 46480 | Vaults:3 | Found a huge runed gate.
 46480 | Vaults:3 | Found a huge runed gate.
 46712 | Vaults:3 | HP: 7/102 [war gargoyle/+0 great mace[a peacekeeper] (49)]
 47396 | Vaults:3 | Reached skill level 13 in Translocations
 47890 | Vaults:3 | Identified the +3 war axe of Hacking and Slashing {protect,
                  | *Corrode Str+3 SInv}
 47940 | Vaults:3 | Found a staircase to the Crypt.
 48107 | Vaults:4 | magus.rc [v1.9.6]
 48147 | Vaults:4 | You pick up a book of Beasts and begin reading...
 48366 | Vaults:4 | Found Fuetz's Antique Armour Emporium.
 48373 | Vaults:4 | Bought a fine robe for 153 gold pieces
 48373 | Vaults:4 | Identified the +1 robe "Kiest" {Fly Str+2} (You bought it
                  | in a shop on level 4 of the Vaults)
 48559 | Vaults:4 | Reached skill level 14 in Translocations
 48988 | Vaults:4 | Reached skill level 17 in Spellcasting
 49534 | Vaults:4 | Reached skill level 15 in Translocations
 50166 | Vaults:4 | Bought a scroll of revelation for 112 gold pieces
 50166 | Vaults:4 | magus.rc [v1.9.6]
 50852 | Swamp:2  | Killed Mara
 51120 | Swamp:3  | Gained mutation: Your spells are a little harder to cast,
                  | but a little more powerful. [hidden potential]
 51919 | Swamp:3  | Reached XP level 20. HP: 97/107 MP: 30/42
 52132 | Swamp:4  | Entered Level 4 of the Swamp
 52173 | Swamp:4  | Noticed Nikola
 52188 | Swamp:3  | magus.rc [v1.9.6]
 52221 | Swamp:4  | Killed Nikola
 52466 | Swamp:4  | Noticed Mlioglotl
 52473 | Swamp:4  | Killed Mlioglotl
 52736 | Swamp:4  | Noticed Bai Suzhen
 52747 | Swamp:4  | Reached skill level 18 in Spellcasting
 52758 | Swamp:4  | Reached skill level 17 in Stealth
 52769 | Swamp:4  | Killed Bai Suzhen
 52782 | Swamp:4  | Reached skill level 14 in Dodging
 53149 | Swamp:4  | Got a decaying rune of Zot
 53766 | Depths:1 | Entered Level 1 of the Depths
 53766 | Depths:1 | Found a one-way gateway to a ziggurat.
 53798 | Depths:1 | Found a sparkling altar of Nemelex Xobeh.
 53809 | Depths:1 | Found a gateway to Hell.
 54461 | Depths:1 | Found an opulent altar of Gozag.
 54806 | Depths:2 | Found a transporter.
 54993 | Depths:2 | Reached skill level 18 in Stealth
 55292 | Depths:2 | Found a radiant altar of Vehumet.
 55302 | Depths:2 | Noticed an ancient lich
 55652 | Depths:2 | Identified the amulet of Mower {RegenMP Rampage Fragile
                  | Slay+3 SInv}
 55788 | Depths:2 | Reached skill level 15 in Dodging
 56029 | Depths:2 | You pick up a book of the Dragon and begin reading...
 56029 | Depths:2 | You add the spells Cause Fear and Dragon's Call to your
                  | library.
 56031 | Depths:2 | You pick up a book of the Senses and begin reading...
 56031 | Depths:2 | You add the spells Agony and Silence to your library.
 56034 | Depths:2 | You pick up a book of Hexes and begin reading...
 56193 | Depths:3 | Noticed a caustic shrike
 56194 | Depths:3 | Noticed a juggernaut
 56194 | Depths:3 | Noticed a golden dragon
 56311 | Depths:3 | Reached skill level 13 in Fighting
 56347 | Depths:2 | magus.rc [v1.9.6]
 56374 | Depths:3 | Found a one-way gate to the infinite horrors of the Abyss.
 56537 | Depths:3 | Killed a juggernaut
 56538 | Depths:3 | Reached skill level 19 in Spellcasting
 56544 | Depths:3 | Gained mutation: Your spells are harder to cast, but more
                  | powerful. [hidden potential]
 56544 | Depths:3 | Lost mutation: You have hidden genetic potential. [hidden
                  | potential expressed]
 56728 | Depths:3 | Killed a golden dragon
 57093 | Depths:3 | Identified the +2 robe of Sunkas {Harm rF+ Regen+ SInv}
 57098 | Depths:3 | magus.rc [v1.9.6]
 57260 | Depths:3 | Identified the +1 rapier "Allaime" {drain, +Blink rN+
                  | Dex+2}
 57323 | Depths:3 | Reached skill level 19 in Stealth
 57432 | Depths:3 | Killed a caustic shrike
 57433 | Depths:3 | Reached XP level 21. HP: 113/113 MP: 40/45
 57594 | Depths:3 | Noticed a golden dragon
 57609 | Depths:3 | Killed a golden dragon
 57748 | Depths:3 | Noticed Norris
 57758 | Depths:3 | Killed Norris
 57839 | Depths:3 | T - a +0 double sword {longrare=g}
 57876 | Depths:3 | Reached skill level 16 in Dodging
 57995 | Depths:3 | Reached skill level 20 in Spellcasting
 58000 | Depths:3 | Noticed Grunn
 58006 | Depths:3 | Killed Grunn
 58867 | Depths:4 | Entered Level 4 of the Depths
 58924 | Depths:4 | Noticed a juggernaut
 59258 | Depths:4 | Reached skill level 20 in Stealth
 59483 | Depths:4 | Noticed Vv
 59843 | Orc:2    | magus.rc [v1.9.6]
 60377 | Elf:1    | Reached skill level 21 in Spellcasting
 60425 | Elf:1    | Found a radiant altar of Vehumet.
 60723 | Elf:1    | You pick up a book of Cantrips and begin reading...
 60787 | Elf:1    | Reached skill level 17 in Dodging
 61004 | Elf:1    | Found a runed translucent door.
 61012 | Elf:1    | Noticed Yfesuf's ghost (adept CeHu)
 61148 | Elf:1    | Reached skill level 14 in Fighting
 61501 | Elf:1    | You add the spells Cigotuvi's Dreadful Rot, Dispel Undead
                  | and Death Channel to your library.
 61501 | Elf:1    | Got an innocuous book
 61908 | Elf:2    | You pick up a book of the Tundra and begin reading...
 61912 | Elf:2    | Found Qater's Jewellery Shoppe.
 61913 | Elf:2    | Found Buheyxay's General Store.
 61913 | Elf:2    | Found Ytihaloe's General Store.
 61997 | Elf:2    | Found Ixtuw's Distillery.
 62011 | Elf:2    | Bought a scroll of revelation for 105 gold pieces
 62014 | Elf:2    | Bought a potion of heal wounds for 75 gold pieces
 62014 | Elf:2    | Bought a potion of heal wounds for 75 gold pieces
 62014 | Elf:2    | Bought a potion of resistance for 150 gold pieces
 62014 | Elf:2    | Bought a potion of cancellation for 120 gold pieces
 62014 | Elf:2    | Bought a potion of curing for 45 gold pieces
 62014 | Elf:2    | Bought a potion of curing for 45 gold pieces
 62014 | Elf:2    | Bought a potion of curing for 45 gold pieces
 62014 | Elf:2    | Identified the +7 hand axe "Zimudoa" {heavy, rN+ Str+4}
 62104 | Elf:2    | Reached skill level 22 in Spellcasting
 62355 | Elf:2    | Found a runed translucent gate.
 62355 | Elf:2    | Found a runed translucent gate.
 62357 | Elf:2    | Found a runed translucent gate.
 62454 | Elf:3    | Entered Level 3 of the Elven Halls
 62470 | Elf:3    | Identified the +7 chain mail "Merr" {rCorr Dex+4}
 62576 | Elf:3    | Found Woolloz's Mayhem Merchandise.
 62638 | Elf:3    | Found Xoiweet's Antique Weapon Shoppe.
 62693 | Elf:3    | Reached skill level 18 in Dodging
 63231 | Elf:3    | Identified the +1 leather armour of Pride {Fly Will++}
 63231 | Elf:3    | Identified the ring of Rejyeh {rElec rF+ rN+++ Int-5 Dex+3}
 63244 | Elf:2    | You drop a +0 double sword {longrare=g}.
 63268 | Elf:2    | Bought a +0 hat of willpower for 187 gold pieces
 63304 | Elf:2    | c - a +0 double sword {longrare=g}
 63534 | Elf:2    | Lost mutation: Your spells are harder to cast, but more
                  | powerful. [potion of mutation]
 63534 | Elf:2    | Lost mutation: You have a pair of small horns on your head.
                  | [potion of mutation]
 63534 | Elf:2    | Gained mutation: You expend magic power (3 MP) to
                  | strengthen your wands. [potion of mutation]
 63534 | Elf:2    | Gained mutation: Your magical capacity is low. (-10% MP)
                  | [potion of mutation]
 63535 | Elf:2    | Lost mutation: Your magical capacity is low. (-10% MP)
                  | [potion of mutation]
 63535 | Elf:2    | Lost mutation: You expend magic power (3 MP) to strengthen
                  | your wands. [potion of mutation]
 63535 | Elf:2    | Lost mutation: Your spells are a little harder to cast, but
                  | a little more powerful. [potion of mutation]
 63535 | Elf:2    | Gained mutation: You are strong-willed. (Will+) [potion of
                  | mutation]
 63535 | Elf:2    | Gained mutation: Your flesh is cold resistant. (rC+)
                  | [potion of mutation]
 63552 | Elf:2    | Found a shimmering blue altar of Sif Muna.
 64531 | Elf:3    | Reached skill level 23 in Spellcasting
 64531 | Elf:3    | Reached XP level 22. HP: 105/106 MP: 33/50
 64653 | Elf:3    | Identified the +3 hand axe of a bailey {heavy, Str+6}
 64653 | Elf:3    | Identified the +1 ice dragon scales of Sloth {*Corrode rF-
                  | rC++ rN+ Dex+4 SInv}
 64669 | Elf:3    | Identified the ring "Pyomeept" {Drain Fly rF+++ Int+6
                  | Dex+3}
 65004 | Elf:3    | Identified the +3 chain mail "Tuacs" {rN+ rCorr Dex-2}
 65013 | Elf:3    | Reached skill level 19 in Dodging
 65263 | Elf:3    | a deep elf sorcerer comes into view. It is wielding a +0
                  | flail and wearing the +1 robe of Vines {NoPotionHeal
                  | Regen++++}.
 65571 | Elf:3    | Got a vellum book
 65574 | Elf:3    | You pick up a book of the Senses and begin reading...
 65600 | Elf:3    | Identified the staff "Foymuff" {*Slow rF+ rC+ Str+3 Summ
                  | Ice}
 65603 | Elf:3    | Identified the staff of Defence {rN+ Will+ Necro}
 65606 | Elf:3    | Identified the +1 pair of gloves of Ovecs {rN+ Will+ Str+2}
 65608 | Elf:3    | Identified the ring of Levvidgh {Int+6 SInv}
 65612 | Elf:3    | You pick up a book of the Earth and begin reading...
 65612 | Elf:3    | You add the spells Leda's Liquefaction, Lee's Rapid
                  | Deconstruction and Leda's Unmaking to your library.
 65623 | Elf:3    | You drop a +0 double sword {longrare=g}.
 65636 | Elf:3    | Bought a potion of mutation for 120 gold pieces
 65636 | Elf:3    | Bought a potion of might for 60 gold pieces
 65636 | Elf:3    | Bought a potion of magic for 120 gold pieces
 65636 | Elf:3    | Bought a potion of cancellation for 120 gold pieces
 65975 | Depths:4 | Killed a juggernaut
 65983 | Depths:3 | HP: 30/120 [poisoned by a green very ugly thing]
 66299 | Depths:3 | Reached skill level 24 in Spellcasting
 66586 | Depths:4 | Found a radiant altar of Vehumet.
 66604 | Depths:4 | Noticed Boris
 66852 | Depths:4 | Reached skill level 20 in Dodging
 66957 | Depths:4 | Killed Vv
 67196 | Depths:4 | Reached skill level 6 in Conjurations
 67294 | Depths:4 | Killed Boris
 67895 | Depths:4 | Reached skill level 7 in Conjurations
 68343 | Depths:4 | Noticed a golden dragon
 68350 | Depths:4 | Reached skill level 8 in Conjurations
 68350 | Depths:4 | Killed a golden dragon
 68449 | Depths:4 | Found a gate to the Realm of Zot.
 68818 | Vaults:4 | magus.rc [v1.9.6]
 68829 | Vaults:4 | Learned a level 8 spell: Discord
 68833 | Vaults:5 | Entered Level 5 of the Vaults
 68887 | Vaults:5 | Identified the +11 spear of Sunlight {freeze, *Noise Str+9
                  | SInv Stlth+}
 68903 | Vaults:5 | Identified the amulet of Usuhuoc {Acrobat *Slow rC+++ Int-2
                  | SInv}
 69229 | Vaults:5 | Reached skill level 15 in Fighting
 69415 | Vaults:5 | Noticed an ancient lich
 69433 | Vaults:5 | Killed an ancient lich
 69918 | Vaults:5 | Reached XP level 23. HP: 127/127 MP: 34/52
 70243 | Vaults:5 | Identified the +0 spear of the Candelabrum {drain, rPois
                  | rF- MP+9 Dex+3}
 70303 | Vaults:5 | You pick up a book of Callings and begin reading...
 70303 | Vaults:5 | You add the spells Call Canine Familiar and Summon Guardian
                  | Golem to your library.
 70336 | Vaults:5 | You pick up a book of Dangerous Friends and begin
                  | reading...
 70343 | Vaults:5 | Found the +3 giant club "Skullcrusher" {speed, Str+7}
 70482 | Vaults:5 | Learned a level 7 spell: Spellforged Servitor
 70490 | Vaults:5 | Learned a level 6 spell: Plasma Beam
 70595 | Vaults:5 | Reached skill level 16 in Fighting
 70630 | Vaults:5 | Reached skill level 9 in Conjurations
 70660 | Vaults:5 | Noticed Frederick
 70666 | Vaults:5 | Killed Frederick
 70813 | Vaults:5 | You pick up a book of Geomancy and begin reading...
 70920 | Vaults:5 | Reached skill level 10 in Conjurations
 71016 | Vaults:5 | You pick up a book of Air and begin reading...
 71016 | Vaults:5 | You add the spells Shock and Airstrike to your library.
 71093 | Vaults:5 | Identified the +8 halberd of Day {pain, rN++ Stlth+}
 71186 | Vaults:5 | Reached skill level 11 in Evocations
 71443 | Vaults:5 | Identified the ring "Widu" {rF+++ rCorr Str-4 Int-4 SInv}
 71475 | Vaults:5 | Identified the +1 short sword of Foul Odours {holy, Drain
                  | rPois Int+2}
 71479 | Vaults:5 | Identified the +0 whip of Accord {spect, rPois MP+9}
 71486 | Vaults:5 | You pick up a book of Necromancy and begin reading...
 71532 | Vaults:5 | Got a silver rune of Zot
 71572 | Vaults:5 | Reached skill level 12 in Evocations
 72208 | Zot:1    | Entered Level 1 of the Realm of Zot
 72285 | Zot:1    | Reached skill level 13 in Evocations
 72319 | Zot:1    | You are sucked into a shaft and drop 1 floor!
 72348 | Zot:2    | Identified +7 gold dragon scales
 72348 | Zot:2    | Noticed Parghit
 73209 | Zot:1    | Reached skill level 21 in Dodging
 73420 | Zot:1    | Reached skill level 11 in Short Blades
 73995 | Zot:5    | Entered Level 5 of the Realm of Zot
 74229 | Zot:5    | Noticed a curse toe
 74478 | Zot:5    | Killed a curse toe
 74692 | Zot:5    | Reached skill level 12 in Short Blades
 74826 | Zot:5    | Noticed a curse toe
 74848 | Zot:5    | Banished a curse toe
 75087 | Zot:5    | Reached skill level 22 in Dodging
 75109 | Zot:5    | Noticed an ancient lich
 75117 | Zot:5    | Noticed a dread lich
 75125 | Zot:5    | Noticed a Killer Klown
 75134 | Zot:5    | Killed an ancient lich
 75135 | Zot:5    | Reached XP level 24. HP: 124/133 MP: 16/52
 75137 | Zot:5    | Noticed an orb of fire
 75141 | Zot:5    | Noticed an electric golem
 75147 | Zot:5    | Killed a Killer Klown
 75209 | Zot:5    | Reached skill level 23 in Dodging
 75232 | Zot:5    | Got the Orb of Zot
 75261 | Zot:5    | Killed an ancient lich
 75282 | Zot:5    | Killed a dread lich
 75317 | Zot:5    | Killed a dread lich
 75937 | D:$      | Escaped with the Orb!

Vanquished Creatures
  An ancient lich (Vaults:5)
  Mara (Swamp:2)
  A juggernaut (Depths:4)
  Vv (Depths:4)
  Frederick (Vaults:5)
  3 golden dragons
  A caustic shrike (Depths:3)
  Nikola (Swamp:4)
  Arachne (Spider:2)
  A doom hound (Depths:3)
  2 tentacled monstrosities (Vaults:5)
  A quicksilver dragon (Zot:1)
  Mlioglotl (Swamp:4)
  5 Orb Guardians (Zot:5)
  Grunn (Depths:3)
  A walking crystal tome (Depths:3)
  A sphinx (shapeshifter) (Depths:3)
  An acid blob (Spider:2)
  6 sphinxes
  2 deep elf blademasters (Elf:3)
  4 titans (Vaults:5)
  A death cob (Zot:5)
  2 deep elf master archers (Elf:3)
  A thorn hunter (Swamp:3)
  2 tengu reavers (Vaults:5)
  3 storm dragons
  2 shadow dragons
  9 fire giants
  A draconian knight (Depths:4)
  6 emperor scorpions
  2 iron dragons
  7 frost giants
  5 deep elf elementalists (Elf:3)
  12 vault wardens
  3 ghost moths
  A draconian shifter (Depths:4)
  9 stone giants
  A draconian annihilator (Zot:5)
  11 very ugly things
  12 ironbound preservers
  4 broodmothers
  6 ironbound thunderhulks
  A cacodemon (Depths:4)
  2 formless jellyfish
  4 deep elf demonologists (Elf:3)
  2 eleionomae
  3 black draconians
  A pale draconian (Depths:4)
  3 vampire knights
  3 dire elephants
  3 spark wasps
  7 deep elf annihilators
  3 bunyips
  A white draconian (Depths:4)
  A purple draconian (Zot:1)
  4 yellow draconians
  4 deep elf death magi
  8 ettins
  4 jiangshi
  3 fire dragons
  5 entropy weavers
  2 shambling mangroves (Swamp:1)
  5 great orbs of eyes
  2 deep elf high priests (Vaults:5)
  A hell beast (Depths:3)
  15 yaktaur captains
  6 vault guards
  Erolcha (Orc:2)
  8 hydras
  3 rakshasas
  2 peacekeepers
  3 demonspawn (Orc:2)
  5 boulder beetles
  8 ice dragons
  2 ghost crabs
  5 jorogumos
  16 centaur warriors
  12 dancing weapons
  6 alligators
  A deep troll shaman (Depths:3)
  5 radroaches
  8 ironbound frosthearts
  8 two-headed ogres
  5 death yaks
  An ogre mage (Depths:2)
  6 death scarabs (Spider:4)
  A hell hog (Depths:3)
  4 demonic crawlers
  6 tengu warriors
  2 vampire magi
  Urug (Orc:2)
  9 orc high priests
  A spectral emperor scorpion (Spider:4)
  2 hell knights (Depths:3)
  A shock serpent (shapeshifter) (Elf:3)
  6 deep elf knights
  2 spriggan berserkers (Depths:2)
  2 large abominations (Elf:1)
  2 iron trolls
  Amaemon (D:10)
  A fire crab (shapeshifter) (Vaults:5)
  4 sun demons (Depths:3)
  2 spriggans
  10 goliath frogs
  3 skysharks
  4 pharaoh ants
  A flayed ghost (Depths:4)
  3 glowing orange brains
  26 deep trolls
  8 orb spiders
  A spriggan druid (Swamp:3)
  4 wizards
  11 deep elf archers
  3 phantasmal warriors (Vaults:5)
  5 spriggan simulacra (IceCv)
  4 bog bodies
  10 harpies (Vaults:1)
  19 lindwurms
  A lindwurm (shapeshifter) (Vaults:4)
  An obsidian statue (IceCv)
  4 spectral wolf spiders (Spider:4)
  5 necromancers
  Pikel (D:8)
  18 deep elf pyromancers
  A swamp dragon (Swamp:1)
  4 orc knights
  8 steelbarb worms
  16 ironbound convokers
  A broodmother zombie (Spider:4)
  2 spectral jorogumos (Spider:4)
  19 ugly things
  9 deep elf zephyrmancers
  A salamander (Depths:3)
  6 orc sorcerers
  An oklob plant (Spider:2)
  6 cyclopes
  12 wolf spiders
  4 manticores
  3 will-o-the-wisps
  12 moths of wrath
  A dire elephant zombie (Lair:5)
  A guardian serpent (Vaults:3)
  5 black mambas
  19 elephants
  A rust devil (Depths:4)
  11 vault sentinels
  18 cane toads
  2 gargoyles (D:14)
  A smoke demon (Volcano)
  3 torpor snails
  Maurice (D:11)
  An orange demon (D:10)
  An unseen horror (D:13)
  A kobold demonologist (D:11)
  A hellion (Depths:3)
  3 rime drakes
  An anaconda simulacrum (IceCv)
  4 spectral redbacks (Spider:4)
  2 tengu conjurers
  Maggie (D:9)
  30 yaktaurs
  A redback zombie (Spider:4)
  A tormentor (D:14)
  6 freezing wraiths
  7 ice devils (IceCv)
  5 komodo dragons
  A polar bear (Lair:5)
  7 tyrant leeches
  3 hellwings
  An alligator simulacrum (IceCv)
  2 hornets
  A meliai (shapeshifter) (Elf:1)
  A spectral jumping spider (Spider:4)
  30 tarantellas
  9 trolls
  Grinder (D:5)
  11 blink frogs
  2 spectral culicivoras (Spider:4)
  A spectral elephant (Lair:5)
  4 jumping spider zombies (Spider:4)
  A spectral tarantella (Spider:4)
  10 dream sheep
  21 jumping spiders
  31 slime creatures
  Sigmund (D:5)
  16 culicivoras
  6 wyverns
  A shadow (D:12)
  A ynoxinul (D:15)
  A water elemental (Elf:3)
  3 vampires
  A yak (shapeshifter) (Elf:3)
  59 yaks
  3 fire elementals
  4 wraiths
  2 basilisks
  A golden eye (shapeshifter) (Depths:3)
  8 minotaur simulacra (IceCv)
  6 steam dragons
  38 redbacks
  6 wargs
  Menkaure (D:4)
  10 swamp worms
  2 harpy simulacra (IceCv)
  12 vampire mosquitoes
  7 acid dragons
  A hell hound (Volcano)
  A floating eye (shapeshifter) (Vaults:5)
  8 water moccasins
  25 orc warriors
  6 swamp drakes
  3 black bears
  2 elephant zombies (Lair:5)
  2 ice beasts (D:7)
  2 ettin simulacra (IceCv)
  8 ogres
  5 boggarts
  5 centaurs
  17 wolves
  4 lemures (D:8)
  An elf zombie (Elf:1)
  2 phantoms (D:4)
  Blork the orc (D:4)
  A kobold brigand (D:10)
  2 deep troll simulacra (IceCv)
  3 scorpions
  11 bullfrogs
  A gnoll sergeant (D:9)
  A cane toad simulacrum (Lair:5)
  An earth elemental (Elf:1)
  10 wights
  A lindwurm simulacrum (IceCv)
  7 killer bees
  3 nameless horrors
  6 howler monkeys
  3 electric eels
  4 hounds
  2 jellies
  21 orc priests
  Crazy Yiuf (D:2)
  5 hell rats (Lair:3)
  3 iguanas
  10 orc wizards
  8 gnolls
  7 adders
  3 white imps
  A worm (D:2)
  2 dart slugs (D:1)
  52 orcs
  4 ball pythons
  3 bats
  3 endoplasms
  2 giant cockroaches
  8 goblins
  6 hobgoblins
  10 kobolds
  3 quokkas
  3 frilled lizards
  5 rats
1392 creatures vanquished.

Vanquished Creatures (collateral kills)
  A dread lich (Zot:5)
  2 ancient liches (Zot:5)
  A juggernaut (Depths:3)
  Boris (Depths:4)
  A Killer Klown (Zot:5)
  Bai Suzhen (Swamp:4)
  A curse toe (Zot:5)
  3 golden dragons
  Norris (Depths:3)
  2 doom hounds (Depths:3)
  A lich (Depths:4)
  4 tentacled monstrosities
  12 Orb Guardians
  2 titans
  A quicksilver dragon (Zot:5)
  4 tengu reavers
  3 shadow dragons
  4 storm dragons
  6 fire giants
  3 frost giants (Zot:1)
  A deep elf sorcerer (Elf:3)
  An iron dragon (Depths:3)
  3 vault wardens (Vaults:5)
  A draconian scorcher (Zot:5)
  A draconian shifter (Zot:5)
  4 ironbound preservers
  11 stone giants
  2 draconian annihilators (Zot:5)
  2 war gargoyles
  A draconian stormcaller (Zot:5)
  11 very ugly things
  A vampire knight (Depths:3)
  3 black draconians
  A green draconian (Zot:5)
  An eleionoma (Swamp:3)
  4 deep elf annihilators
  2 yellow draconians
  A pale draconian (Depths:4)
  2 white draconians
  4 dire elephants
  4 ettins
  6 deep elf death magi
  2 blizzard demons (IceCv)
  2 yaktaur captains (Vaults:5)
  An entropy weaver (Spider:2)
  A shambling mangrove (Swamp:4)
  3 great orbs of eyes
  A deep elf high priest (Vaults:5)
  A rakshasa (Depths:2)
  2 spriggan air magi (Depths:4)
  A peacekeeper (Vaults:3)
  11 hydras
  3 ice dragons
  18 vault guards
  A catoblepas (Lair:2)
  An ironbound frostheart (Vaults:4)
  A two-headed ogre (Zot:1)
  6 dancing weapons
  2 deep troll shamans (Depths:3)
  4 death yaks (Lair:4)
  A demonic crawler (Spider:4)
  6 sun demons (Depths:3)
  6 deep elf knights
  2 hell knights (Depths:3)
  A spectral dire elephant (Lair:5)
  2 skysharks (Depths:3)
  2 pharaoh ants
  3 iron trolls
  12 deep trolls
  A spriggan druid (Swamp:4)
  A goliath frog (Swamp:3)
  9 swamp dragons
  2 glowing orange brains
  A spectral anaconda (Lair:5)
  2 deep elf archers
  3 necromancers
  A bog body (Swamp:3)
  2 ironbound convokers (Vaults:5)
  A phantasmal warrior (Vaults:5)
  2 wolf spiders
  An orc knight (Orc:2)
  A harpy (Vaults:5)
  9 deep elf zephyrmancers
  An orc sorcerer (Elf:2)
  A large abomination (Elf:1)
  8 ugly things
  A shining eye (Depths:3)
  6 deep elf pyromancers
  2 salamanders (Depths:3)
  6 moths of wrath
  A shining eye (shapeshifter) (Vaults:5)
  3 nameless horrors
  6 elephants (Lair:5)
  3 vault sentinels (Vaults:4)
  3 rust devils
  A dire elephant zombie (Lair:5)
  2 yaktaurs (Vaults:4)
  A komodo dragon (Lair:5)
  An efreet (Zot:1)
  2 ice devils (IceCv)
  4 trolls (Zot:1)
  A freezing wraith (Vaults:5)
  A tyrant leech (Swamp:4)
  2 hornets (Depths:2)
  A bloated husk (Swamp:2)
  An alligator simulacrum (IceCv)
  4 blink frogs
  A shadow dragon simulacrum (Vaults:3)
  A jumping spider zombie (Spider:4)
  4 dream sheep
  A spectral jumping spider (Spider:4)
  3 air elementals
  4 slime creatures
  2 jumping spiders (Spider:4)
  2 culicivoras
  A spriggan (Depths:2)
  A water elemental (Elf:2)
  6 yaks (Lair:4)
  A steam dragon (Depths:4)
  4 minotaur simulacra (IceCv)
  A neqoxec (Orc:2)
  3 redbacks
  4 vampire mosquitoes (Swamp:3)
  3 spectral cane toads (Lair:5)
  A harpy simulacrum (IceCv)
  4 swamp worms
  2 acid dragons
  2 glowing shapeshifter zombies (Vaults:3)
  A hydra simulacrum (IceCv)
  2 water moccasins
  5 orc warriors
  An ettin simulacrum (IceCv)
  6 swamp drakes (Swamp:4)
  2 ogres (Zot:1)
  An elephant skeleton (Lair:5)
  2 elf zombies (Elf:1)
  A cane toad simulacrum (Lair:5)
  2 earth elementals
  4 deep troll simulacra (IceCv)
  2 jellies (Lair:4)
  4 orc priests (Orc:2)
  2 orc wizards (Orc:2)
  8 orcs
  A spectral weapon (Zot:5)
410 creatures vanquished.

Vanquished Creatures (others)
  An orb of fire (Zot:5)
  A dread lich (Zot:5)
  A tentacled monstrosity (Zot:4)
  3 Orb Guardians (Zot:5)
  110 eldritch tentacles
  A fire giant (Zot:1)
  A green draconian (Zot:5)
  A black draconian (Zot:4)
  3 white draconians
  An ettin (Vaults:5)
  A deep elf high priest (Elf:3)
  4 vault guards (Vaults:5)
  A two-headed ogre (Zot:1)
  A hell knight (Vaults:5)
  A deep elf knight (Elf:1)
  A glowing orange brain (shapeshifter) (Vaults:5)
  A glowing orange brain (Depths:3)
  2 bog bodies (Swamp:3)
  A wolf spider (Spider:1)
  2 ugly things (Vaults:5)
  A moth of wrath (Zot:1)
  An efreet (Zot:1)
  A bloated husk (Swamp:3)
  A tarantella (Spider:1)
  An ogre (Zot:1)
  17 foxfires
160 creatures vanquished.

Grand Total: 1962 creatures vanquished

Table legend:
 A = Non-vault XP
 B = Vault XP
 C = Vault XP percentage of total XP
 D = Non-vault monster count
 E = Vault monster count
 F = Vault count percentage of total count
                 A         B        C        D         E       F
            +---------+---------+-------+---------+---------+-------
      Total |  526251 |  502671 |  48.9 |    1097 |     705 |  39.1
            +---------+---------+-------+---------+---------+-------
        D:1 |      27 |       2 |   6.9 |      14 |       2 |  12.5
        D:2 |      22 |      44 |  66.7 |      12 |       3 |  20.0
        D:3 |      95 |       0 |   0.0 |      20 |       0 |   0.0
        D:4 |     303 |     266 |  46.7 |      17 |       2 |  10.5
        D:5 |     240 |     503 |  67.7 |       8 |       2 |  20.0
        D:6 |     770 |       0 |   0.0 |      14 |       0 |   0.0
        D:7 |     861 |       0 |   0.0 |      12 |       0 |   0.0
        D:8 |     642 |     641 |  50.0 |      10 |       1 |   9.1
        D:9 |    4803 |    1100 |  18.6 |      32 |       5 |  13.5
       D:10 |    2156 |    1181 |  35.4 |      15 |       2 |  11.8
       D:11 |    4509 |     561 |  11.1 |      25 |       7 |  21.9
       D:12 |    6105 |       0 |   0.0 |      13 |       0 |   0.0
       D:13 |    5768 |       0 |   0.0 |      15 |       0 |   0.0
       D:14 |    9569 |    7601 |  44.3 |      18 |      10 |  35.7
       D:15 |    3354 |    2725 |  44.8 |       5 |       3 |  37.5
     Lair:1 |    4936 |       0 |   0.0 |      21 |       0 |   0.0
     Lair:2 |    5883 |    2317 |  28.3 |      21 |       7 |  25.0
     Lair:3 |    7659 |    4011 |  34.4 |      35 |      12 |  25.5
     Lair:4 |    9848 |    5317 |  35.1 |      30 |      12 |  28.6
     Lair:5 |   18394 |   14014 |  43.2 |      57 |      32 |  36.0
    Swamp:1 |   13072 |     400 |   3.0 |      23 |       3 |  11.5
    Swamp:2 |    9749 |    4371 |  31.0 |      17 |       1 |   5.6
    Swamp:3 |   13051 |    1772 |  12.0 |      23 |       1 |   4.2
    Swamp:4 |    5818 |   23245 |  80.0 |      12 |      30 |  71.4
   Spider:1 |    6913 |    5234 |  43.1 |      19 |       9 |  32.1
   Spider:2 |   16896 |    7046 |  29.4 |      41 |      10 |  19.6
   Spider:3 |   23161 |       0 |   0.0 |      53 |       0 |   0.0
   Spider:4 |   15724 |   29183 |  65.0 |      32 |      62 |  66.0
      Orc:1 |    4132 |       0 |   0.0 |      28 |       0 |   0.0
      Orc:2 |     969 |   18663 |  95.1 |      23 |      66 |  74.2
      Elf:1 |   14041 |    7314 |  34.2 |      25 |      15 |  37.5
      Elf:2 |   19207 |    4142 |  17.7 |      32 |       5 |  13.5
      Elf:3 |   19010 |   33311 |  63.7 |      32 |      30 |  48.4
   Vaults:1 |   20611 |   18476 |  47.3 |      35 |      29 |  45.3
   Vaults:2 |   16264 |   17097 |  51.2 |      22 |      22 |  50.0
   Vaults:3 |   29145 |   24164 |  45.3 |      42 |      40 |  48.8
   Vaults:4 |   24482 |   10693 |  30.4 |      38 |      12 |  24.0
   Vaults:5 |   34141 |   80686 |  70.3 |      50 |      73 |  59.3
   Depths:1 |   13952 |       0 |   0.0 |      15 |       0 |   0.0
   Depths:2 |   25408 |    4439 |  14.9 |      29 |       7 |  19.4
   Depths:3 |   36949 |   48169 |  56.6 |      44 |      36 |  45.0
   Depths:4 |   29082 |   26307 |  47.5 |      27 |      27 |  50.0
      Zot:1 |    7612 |   32902 |  81.2 |       8 |      45 |  84.9
      Zot:2 |    4434 |       0 |   0.0 |       5 |       0 |   0.0
      Zot:3 |    1545 |       0 |   0.0 |       2 |       0 |   0.0
      Zot:4 |    7012 |       0 |   0.0 |       6 |       0 |   0.0
      Zot:5 |   27927 |   44844 |  61.6 |      20 |      21 |  51.2
      IceCv |       0 |   15744 | 100.0 |       0 |      51 | 100.0
    Volcano |       0 |    4186 | 100.0 |       0 |      10 | 100.0
            +---------+---------+-------+---------+---------+-------

Skill      XL: |  1  2  3  4  5  6  7  8  9 10 11 12 13 14 15 16 17 18 19 20 21 22 23 24 |
---------------+-------------------------------------------------------------------------+-----
Stealth        | 5 6 7 8 11 12 15 16 19 20 | 20.0
Hexes          | 3 4 6 8 10 12 15 16 | 16.3
Ice Magic      | 1 2 3 6 |  6.0
Spellcasting   | 3 6 8 10 12 14 16 17 19 23 24 | 24.0
Short Blades   | 1 4 7 8 10 12 | 12.1
Dodging        | 6 10 12 13 15 18 20 22 23 | 23.8
Fighting       | 3 4 7 8 10 12 13 14 15 16 | 16.0
Shields        | 4 6 |  6.0
Evocations     | 6 10 13 | 13.0
Summonings     | 4 8 11 13 | 13.1
Transmutations | 5 |  5.0
Air Magic      | 3 6 |  6.0
Conjurations   | 2 5 8 10 | 10.0
Translocations | 10 15 | 15.4

Action                     |  1- 3 |  4- 6 |  7- 9 | 10-12 | 13-15 | 16-18 | 19-21 | 22-24 || total
---------------------------+-------+-------+-------+-------+-------+-------+-------+-------++-------
  Melee: Dagger            |   156 |   114 |   109 |       |       |       |       |       ||   379
         Punch             |     4 |       |     5 |       |       |       |       |       ||     9
         Whip              |       |    15 |    16 |       |       |       |       |       ||    31
         Quick blade       |       |       |   145 |   442 |  1713 |  1535 |  1029 |   774 ||  5638
         Headbutt          |       |       |       |       |       |     4 |   342 |       ||   346
  Throw: Dart              |     4 |     2 |       |       |       |       |       |       ||     6
   Cast: Ensorcelled Hiber |     6 |    21 |    32 |   208 |   108 |    59 |     2 |       ||   436
         Jinxbite          |       |       |    10 |     1 |       |       |       |       ||    11
         Dazzling Flash    |       |       |     4 |     6 |     8 |       |       |       ||    18
         Slow              |       |       |       |     1 |       |       |       |       ||     1
         Summon Mana Viper |       |       |       |       |    85 |    82 |    12 |     5 ||   184
         Confusing Touch   |       |       |       |       |    58 |    35 |       |       ||    93
         Enfeeble          |       |       |       |       |       |   112 |   186 |   143 ||   441
         Freezing Cloud    |       |       |       |       |       |    49 |    51 |    13 ||   113
         Malign Gateway    |       |       |       |       |       |       |    78 |    32 ||   110
         Dispersal         |       |       |       |       |       |       |     1 |    11 ||    12
         Discord           |       |       |       |       |       |       |       |    17 ||    17
         Spellforged Servi |       |       |       |       |       |       |       |    18 ||    18
 Invoke: Call Merchant     |       |       |       |     1 |     3 |     2 |     1 |     1 ||     8
         Potion Petition   |       |       |       |       |       |     1 |       |     2 ||     3
         Bribe Branch      |       |       |       |       |       |       |       |     1 ||     1
  Evoke: Wand              |       |       |     1 |     5 |    16 |    30 |     7 |    13 ||    72
         Box of beasts     |       |       |       |       |       |       |     1 |     2 ||     3
         Phantom mirror    |       |       |       |       |       |       |       |     2 ||     2
    Use: Potion            |       |       |     2 |       |     5 |    11 |     5 |     8 ||    31
         Scroll            |       |       |    13 |     8 |    18 |    17 |     6 |    12 ||    74
   Stab: Sleeping          |    13 |    19 |    36 |   116 |    82 |    95 |    48 |    14 ||   423
         Invisible         |       |       |     4 |     7 |     9 |   110 |   150 |   130 ||   410
         Distracted        |       |       |     2 |     1 |    26 |     4 |     6 |    11 ||    50
         Confused          |       |       |       |       |    72 |    35 |       |     1 ||   108
 Armour: Robe              |    40 |    37 |    48 |    73 |   236 |   120 |       |       ||   554
         Animal skin       |       |       |       |       |       |    25 |   137 |   102 ||   264
  Dodge: Dodged            |   101 |   110 |   139 |   286 |   674 |   636 |   281 |   280 ||  2507
  Block: Buckler           |       |       |       |    64 |   265 |   458 |   236 |   190 ||  1213
         Reflection        |       |       |       |       |       |    27 |    31 |    14 ||    72

Illustrated notes

Table legend:
 A = Kills in this place as a percentage of kills in the entire game.
 B = Kills by you in this place as a percentage of kills by you in the entire game.
 C = Kills by friends in this place as a percentage of kills by friends in the entire game.
 D = Other kills in this place as a percentage of other kills in the entire game.
 E = Experience gained in this place as a percentage of experience gained in the entire game.
 F = Experience gained in this place divided by the number of levels of this place that you have seen.
                   A       B       C       D       E      F
               +-------+-------+-------+-------+-------+----------------------
         Total | 100.0 | 100.0 | 100.0 | 100.0 | 100.0 | 20220.7
       Dungeon |  14.9 |  19.4 |   0.2 |   4.3 |   5.3 | 3626.6
          Lair |  12.6 |  13.4 |  10.2 |   4.3 |   7.0 | 14475.8
         Swamp |   6.1 |   4.9 |  10.4 |   0.0 |   6.9 | 17869.5
   Spider Nest |  12.5 |  15.1 |   4.0 |   8.7 |  10.1 | 26039.2
  Orcish Mines |   6.5 |   6.9 |   5.5 |   0.0 |   2.3 | 11882.0
   Elven Halls |   7.7 |   6.5 |  12.2 |   4.3 |   9.4 | 32341.7
        Vaults |  20.1 |  19.5 |  21.6 |  30.4 |  26.7 | 55151.8
        Depths |  10.3 |   8.2 |  17.6 |   8.7 |  18.0 | 46521.8
           Zot |   5.9 |   2.9 |  14.4 |  39.1 |  12.2 | 25255.2
      Ice Cave |   2.8 |   2.5 |   4.0 |   0.0 |   1.5 | 15744.0
       Volcano |   0.6 |   0.7 |   0.0 |   0.0 |   0.4 | 4186.0
               +-------+-------+-------+-------+-------+----------------------

Table legend: (Time is in decaauts)
 A = Elapsed time spent in this place.
 B = Non-inter-level travel time spent in this place.
 C = Inter-level travel time spent in this place.
 D = Time resting spent in this place.
 E = Time spent auto-exploring this place.
 F = Levels seen in this place.
 G = Mean time per level.
                   A        B        C        D        E       F      G
               +--------+--------+--------+--------+--------+-----+--------+
         Total |  58621 |  53876 |   4745 |  13973 |  26050 |  51 | 1149.4 |
       Dungeon |  11582 |   9661 |   1921 |    792 |   6031 |  15 |  772.1 |
        Temple |      7 |      4 |      3 |      0 |      0 |   1 |    7.0 |
          Lair |   7655 |   7041 |    614 |    935 |   4196 |   5 | 1531.0 |
         Swamp |   4388 |   4182 |    206 |   1757 |   1547 |   4 | 1097.0 |
   Spider Nest |   6329 |   6128 |    201 |   1815 |   2764 |   4 | 1582.2 |
  Orcish Mines |   2582 |   2220 |    362 |    412 |   1045 |   2 | 1291.0 |
   Elven Halls |   4200 |   4015 |    185 |   1304 |   1750 |   3 | 1400.0 |
        Vaults |  10011 |   9569 |    442 |   2628 |   4779 |   5 | 2002.2 |
        Depths |   7339 |   6592 |    747 |   2986 |   2234 |   4 | 1834.8 |
           Zot |   2486 |   2425 |     61 |    572 |   1035 |   5 |  497.2 |
        Bazaar |    127 |    127 |      0 |     23 |     63 |   1 |  127.0 |
      Ice Cave |   1628 |   1628 |      0 |    734 |    457 |   1 | 1628.0 |
       Volcano |    281 |    281 |      0 |     12 |    145 |   1 |  281.0 |
               +--------+--------+--------+--------+--------+-----+--------+

Top non-repeatable levels by time:
Depths:3: 3411 daAuts
Vaults:5: 2521 daAuts
Vaults:3: 2491 daAuts
Spider:4: 2310 daAuts
  Lair:5: 2298 daAuts
Vaults:2: 2021 daAuts
   Orc:2: 2018 daAuts
Depths:2: 1685 daAuts
Vaults:4: 1649 daAuts
   IceCv: 1628 daAuts
   Elf:2: 1595 daAuts
Depths:4: 1552 daAuts
  Lair:3: 1546 daAuts
 Swamp:2: 1500 daAuts
Spider:2: 1487 daAuts
